Workbook
Name BALANCE: '6. ESTADOS FINANCIEROS'!$A$61:$G$96
Name COMPUTADOR_A: '3, INVENTARIO'!$A$32:$K$55
Name FACTORES: '1. PERSONAL'!$A$68:$D$105
Name FLUJO: '6. ESTADOS FINANCIEROS'!$A$98:$G$154
Name INGRESOS: '3, INVENTARIO'!$A$1:$H$23
Name INVERSION: '2. INVERSION'!$A$1:$D$77
Name LIBRE: '6. ESTADOS FINANCIEROS'!$A$156:$G$181
Name PERSONAL: '1. PERSONAL'!$A$1:$I$31
Name PYG: '6. ESTADOS FINANCIEROS'!$A$1:$G$59

Sheet 1. PERSONAL
B1: IMPORTACIÓN, VENTA Y POSTVENTA DE EQUIPOS DE AUDIOLOGÍA
A2: TABLA 2.1.
A3: PLANTA DE PERSONAL Y ASIGNACIONES MENSUALES
A5: DEPENDENCIA Y CARGO | B5: NUMERO DE CARGOS | C5: SUELDO BASICO MENSUAL ($) | D5: TOTAL | E5: MANO DE OBRA DIRECTA | F5: MANO DE OBRA INDIRECTA | G5: GASTOS DE VENTAS | H5: GASTOS ADMON | I5: PRESTACIONES SOCIALES
A6: GERENCIA
A7: Gerente General | B7: 1 | C7: 2000000 | D7: =+C7*B7 -> 2000000 | H7: =+D7 -> 2000000 | I7: =IF(C7>K7,C105*D7,B105*D7) -> 900015.79 | K7: =1423500*2 -> 2847000
A8: Asistente Administrativa y Contable | B8: 1 | C8: 1500000 | D8: =+C8*B8 -> 1500000 | H8: =+D8 -> 1500000 | I8: =IF(C8>1817052,$C$105*D8,$B$105*D8) -> 675011.84
A10: SUBGERENCIA COMERCIAL
A11: Subgerente Comercial | B11: 1 | C11: 2000000 | D11: =+B11*C11 -> 2000000 | G11: =+D11 -> 2000000 | I11: =IF(C11>1817052,$C$105*D11,$B$105*D11) -> 892500
A12: Jefe de Ventas | B12: 0 | C12: 0 | D12: =+C12*B12 -> 0 | G12: =+D12 -> 0 | I12: =IF(C12>K7,$C$105*D12,$B$105*D12) -> 0
A13: Representantes de ventas | B13: 0 | C13: 0 | D13: =+C13*B13 -> 0 | G13: =+D13 -> 0 | I13: =IF(C13>K7,$C$105*D13,$B$105*D13) -> 0
A15: SUBGERENCIA ADMINISTRATIVA Y FINANCIERA
B16: 0 | D16: =+C16*B16 -> 0 | H16: =+D16 -> 0 | I16: =IF(C16>1817052,$C$105*D16,$B$105*D16) -> 0
A17: Contador | B17: 1 | C17: 1500000 | D17: =+C17*B17 -> 1500000 | H17: =+D17 -> 1500000 | I17: =IF(C17>K7,$C$105*D17,$B$105*D17) -> 675011.84
A18: HSEQ-SST | B18: 1 | C18: 1500000 | D18: =+C18*B18 -> 1500000 | H18: =+D18 -> 1500000 | I18: =IF(C18>K7,$C$105*D18,$B$105*D18) -> 675011.84
B19: 0 | D19: =+C19*B19 -> 0 | H19: =+D19 -> 0 | I19: =IF(C19>1817052,$C$105*D19,$D$105*D19) -> 0 | M19: =SUM(E31:H31) -> 11500000
B20: 0 | D20: =+C20*B20 -> 0 | H20: =+D20 -> 0 | I20: =IF(C20>1817052,$C$105*D20,$B$105*D20) -> 0
A21: Auxiliar de Servicios Generales | B21: 1 | C21: 1500000 | D21: 1500000 | H21: =+D21 -> 1500000 | I21: =IF(C21>1817052,$C$105*D21,$B$105*D21) -> 675011.84
A23: DIVISION TECNICA
A24: Director Técnico | B24: 1 | C24: 1500000 | D24: =+B24*C24 -> 1500000 | E24: =+D24 -> 1500000 | I24: =IF(C24>1817052,$C$105*D24,$B$105*D24) -> 675011.84
A25: Técnico | B25: 0 | D25: =+B25*C25 -> 0 | E25: =+D25 -> 0 | I25: =IF(C25>1817052,$C$105*D25,$B$105*D25) -> 0
A26: Jefe de bodega | B26: 0 | D26: =+C26*B26 -> 0 | F26: =+D26 -> 0 | I26: =IF(C26>1817052,$C$105*D26,$B$105*D26) -> 0
A27: Operario | B27: 0 | D27: =+B27*C27 -> 0 | E27: =+D27 -> 0 | I27: =IF(C27>1817052,$C$105*D27,$B$105*D27) -> 0
A28: Bodeguero | B28: 0 | D28: =+B28*C28 -> 0 | F28: =+D28 -> 0 | I28: =IF(C28>1817052,$C$105*D28,$B$105*D28) -> 0
A29: Conductor | B29: 0 | C29: 0 | D29: =+B29*C29 -> 0 | F29: =+D29 -> 0 | I29: =IF(C29>K7,$C$105*D29,$B$105*D29) -> 0
A30: Ayudante | B30: 0 | D30: =+B30*C30 -> 0 | F30: =+D30 -> 0 | I30: =IF(C30>1817052,$C$105*D30,$B$105*D30) -> 0
A31: TOTAL | B31: =SUM(B7:B30) -> 7 | D31: =SUM(D7:D30) -> 11500000 | E31: =SUM(E7:E30) -> 1500000 | F31: =SUM(F7:F30) -> 0 | G31: =SUM(G7:G30) -> 2000000 | H31: =SUM(H7:H30) -> 8000000 | I31: =SUM(I7:I30) -> 5167575 | K31: =+I31*12 -> 62010900
K32: =+D31*12 -> 138000000
A33: IMPORTACIÓN, VENTA Y POSTVENTA DE EQUIPOS DE AUDIOLOGÍA | K33: =SUM(K31:K32) -> 200010900
A34: TABLA 2.2. | H34: Partici % prest= | I34: =+I31/D31 -> 0.44935435
A36: CLASIFICACION Y COSTO TOTAL DE LA PLANTA DE PERSONAL SEGUN CALIFICACION
A38: MANO DE OBRA | B38: NUMERO DE TRABAJADORES | C38: TOTAL MENSUAL ($) | D38: TOTALSUELDOS Y PRESTACIONES SOCIALES | K38: =+K33-D84 -> 293115.79
A39: Calificada | B39: =+B7+B11+B12+B16+B17+B18+B19+B24+B25 -> 5 | C39: =+D7+D11+D12+D16+D17+D18+D19+D24+D25 -> 8500000 | D39: =+C39*(1+B63) -> 12495000
A40: No Calificada | B40: =+B8+B13+B20+B21+B26+B27+B28+B29+B30 -> 2 | C40: =+D8+D13+D20+D21+D26+D27+D28+D29+D30 -> 3000000 | D40: =+C40*(1+C63) -> 4510066.8
A41: TOTAL MES | B41: =SUM(B39:B40) -> 7 | C41: =SUM(C39:C40) -> 11500000 | D41: =SUM(D39:D40) -> 17005067
A42: TOTAL AÑO "0" | B42: =+B41 -> 7 | C42: =+C41*12 -> 138000000 | D42: =+D41*12 -> 2.040608e+08
A44: FACTORES PRESTACIONALES | B44: calificado | C44: no calificado
A45: sueldo basico | B45: 1 | C45: 1
A46: Recargos Nocturnos | C46: 0
A47: subsidio de transporte | C47: =+(B40-B13-B26)*106454/C40 -> 0.070969333
A48: salario para liquidacion | B48: =SUM(B45:B47) -> 1 | C48: =SUM(C45:C47) -> 1.0709693
A50: prestaciones sociales
A51: vacaciones | B51: =+(B48/30)*18/12 -> 0.05 | C51: =+C48/30*18/12 -> 0.053548467
A52: cesantías | B52: =+B48/12 -> 0.083333333 | C52: =+C48/12 -> 0.089247444
A53: intereses de cesantías | B53: =+B52*0.12 -> 0.01 | C53: =+C52*0.12 -> 0.010709693
A54: Prima navidad | B54: =+B48*0.5/12 -> 0.041666667 | C54: =+C48*0.5/12 -> 0.044623722
A56: AportesParafiscales
A57: Salud | B57: =+B48*8.5% -> 0.085 | C57: =+C48*8.5% -> 0.091032393
A58: Pensiones | B58: =+B48*12% -> 0.12 | C58: =+C48*12% -> 0.12851632
A59: cajas de compensación | B59: =+B48*4% -> 0.04 | C59: =+C48*4% -> 0.042838773
A60: Sena | B60: =+B48*2% -> 0.02 | C60: =+C48*2% -> 0.021419387
A61: i.c.b.f. | B61: =+B48*2% -> 0.02 | C61: =+C48*2% -> 0.021419387
A63: TOTAL FACTOR PRESTACIONES | B63: =SUM(B51:B61) -> 0.47 | C63: =SUM(C51:C61) -> 0.50335559
A65: Auditor (honorarios) | B65: 1 | C65: 600000 | D65: =+C65*B65 -> 600000
A68: IMPORTACIÓN, VENTA Y POSTVENTA DE EQUIPOS DE AUDIOLOGÍA
A69: TABLA 2.3.
A70: CLASIFICACION Y COSTO TOTAL DE LA PLANTA DE PERSONAL SEGUN DIRECTA E INDIRECTA
A72: MANO DE OBRA | B72: NUMERO DE TRABAJADORES | C72: TOTAL MENSUAL ($) | D72: TOTALSUELDOS Y PRESTACIONES SOCIALES
A73: 1. Directa | B73: =+B24+B25+B27 -> 1 | C73: =+D24+D25+D27 -> 1500000 | D73: =SUM(D74:D75) -> 2169375
A74: Directa con subsidio | B74: =B27 -> 0 | C74: =+D27 -> 0 | D74: =+C74*(1+B105) -> 0
A75: Directa sin subsidio | B75: =+B24+B25 -> 1 | C75: =+D24+D25 -> 1500000 | D75: =+C75*(1+C105) -> 2169375
A76: 2. Indirecta | B76: =+B26+B28+B29+B30 -> 0 | C76: =+D26+D28+D29+D30 -> 0 | D76: =SUM(D77:D78) -> 0
A77: Indirectacon subsidio | B77: =+B28+B29+B30 -> 0 | C77: =+D28+D29+D30 -> 0 | D77: =+C77*(1+B105) -> 0
A78: Indirecta si subsidio | B78: =+B26 -> 0 | C78: =+D26 -> 0 | D78: =+C78*(1+C105) -> 0
A79: 3. Ventas | B79: =+B11+B12+B13 -> 1 | C79: =+D11+D12+D13 -> 2000000 | D79: =+C79*(1+C105) -> 2892500
A80: 4. Administrativa | B80: =+B7+B8+B16+B17+B18+B19+B20+B21 -> 5 | C80: =+D7+D8+D16+D17+D18+D19+D20+D21 -> 8000000 | D80: =SUM(D81:D82) -> 11581274
A81: Administrativa con subisidio | B81: =+B8+B20+B21 -> 2 | C81: =+D8+D20+D21 -> 3000000 | D81: =+C81*(1+B105) -> 4350023.7
A82: Administrativa sin subsidio | B82: =+B7+B16+B17+B18+B19 -> 3 | C82: =+D7+D16+D17+D18+D19 -> 5000000 | D82: =+C82*(1+C105) -> 7231250
A83: TOTAL MES | B83: =B73+B76+B79+B80 -> 7 | C83: =C73+C76+C79+C80 -> 11500000 | D83: =D73+D76+D79+D80 -> 16643149
A84: TOTAL AÑO "0" | B84: =+B83 -> 7 | C84: =+C83*12 -> 138000000 | D84: =+D83*12 -> 1.9971778e+08
B86: CON SUBS | C86: SIN SUBSIDIO T
A87: sueldo basico | B87: 1 | C87: 1
A88: Recargos Nocturnos | B88: 0 | C88: 0
A89: subsidio de transporte | B89: =+(B8+B20+B21+B27+B28+B29+B30)*40000/(C83-C79) -> 0.0084210526 | C89: 0
A90: salario para liquidacion | B90: =SUM(B87:B89) -> 1.0084211 | C90: =SUM(C87:C89) -> 1
A92: prestaciones sociales
A93: vacaciones | B93: =+B90/30*18/12 -> 0.050421053 | C93: =+C90/30*18/12 -> 0.05
A94: cesantías | B94: =+B90/12 -> 0.084035088 | C94: =+C90/12 -> 0.083333333
A95: intereses de cesantías | B95: =+B94*0.12 -> 0.010084211 | C95: =+C94*0.12 -> 0.01
A96: Prima navidad | B96: =+B90*0.5/12 -> 0.042017544 | C96: =+C90*0.5/12 -> 0.041666667
A98: Aportes Parafiscales
A99: Salud | B99: =+B90*8% -> 0.080673684 | C99: =+C90*8% -> 0.08
A100: Pensiones | B100: =+B90*10.125% -> 0.10210263 | C100: =+C90*10.125% -> 0.10125
A101: cajas de compensación | B101: =+B90*4% -> 0.040336842 | C101: =+C90*4% -> 0.04
A102: Sena | B102: =+B90*2% -> 0.020168421 | C102: =+C90*2% -> 0.02
A103: i.c.b.f. | B103: =+B90*2% -> 0.020168421 | C103: =+C90*2% -> 0.02
A105: TOTAL FACTOR PRESTACIONES | B105: =SUM(B93:B103) -> 0.45000789 | C105: =SUM(C93:C103) -> 0.44625

Sheet 2. INVERSION
A1: IMPORTACIÓN, VENTA Y POSTVENTA DE EQUIPOS DE AUDIOLOGÍA
A2: 1. INVERSION
A4: TABLA 1.1
A5: INVERSIONES FIJAS
A6: (ADQUISICION EQUIPOS Y MONTAJE)
D7: 2025 | E7: =D7+1 -> 2026 | F7: =E7+1 -> 2027 | G7: =F7+1 -> 2028 | H7: =G7+1 -> 2029 | I7: =H7+1 -> 2030
A8: DESCRIPCION | B8: CANTIDAD | C8: VALOR UNIT | D8: VALOR TOTAL
A10: Equipo patrón - Sistema de Calibración 831C | B10: 1 | C10: 77800000 | D10: =+B10*C10 -> 77800000
A11: Herramientas y equipos de apoyo | B11: 1 | C11: 5000000 | D11: =+B11*C11 -> 5000000
A12: Equipo de oficina (calculadoras, teléfonos, equipos de computo) | B12: 1 | C12: 2000000 | D12: =+B12*C12 -> 2000000
A13: Mobiliario de oficina (archivador, sillas, etc) | B13: 6 | C13: 1000000 | D13: =+B13*C13 -> 6000000
A14: Equipo de cómputo | B14: 3 | C14: 2000000 | D14: =+B14*C14 -> 6000000
A15: Muebles y utencillos de cafetería | B15: 1 | C15: 1000000 | D15: =+B15*C15 -> 1000000
A16: Vehículo | B16: 1 | C16: 10000000 | D16: =+B16*C16 -> 10000000
B17: 1 | C17: 0 | D17: =+B17*C17 -> 0
B18: 1 | C18: 0 | D18: =+B18*C18 -> 0
B19: 0 | C19: 0 | D19: =+B19*C19 -> 0
A20: TOTAL INVERSIONES FIJAS | D20: =SUM(D10:D19) -> 107800000 | E20: =SUM(E10:E19) -> 0 | F20: =SUM(F10:F19) -> 0 | G20: =SUM(G10:G19) -> 0 | H20: =SUM(H10:H19) -> 0 | I20: =SUM(I10:I19) -> 0
A24: TABLA 1.2
A25: INVERSION PREOPERATIVA (DIFERIDA)
A27: CONCEPTO | B27: CANTIDAD | C27: VALOR UNIT | D27: VALOR TOTAL
A28: Estudios | B28: 1 | C28: 500000 | D28: =+C28*B28 -> 500000
B29: 0 | C29: 0 | D29: =+B29*C29 -> 0
A30: Gastos de Constitución | B30: 1 | C30: 1000000 | D30: =+B30*C30 -> 1000000
A31: Gastos Generales (papelerìa, transporte) | B31: 1 | C31: 300000 | D31: =+B31*C31 -> 300000
A32: Gastos del Personal varios | C32: 3000000 | D32: =+C32 -> 3000000
A33: Servicios Públicos | C33: 500000 | D33: =+C33 -> 500000
A34: Capacitación | B34: 2 | C34: 500000 | D34: =+B34*C34 -> 1000000
A35: Imprevistos | C35: 1000000 | D35: =+C35 -> 1000000
A36: TOTAL | D36: =SUM(D28:D35) -> 7300000
A38: TABLA 1.3.
A39: PRESUPUESTO DE INVERSIONES
B40: =D7 -> 2025 | C40: =B40+1 -> 2026 | D40: =C40+1 -> 2027 | E40: =D40+1 -> 2028 | F40: =E40+1 -> 2029 | G40: =F40+1 -> 2030
A41: PERIODO | B41: 0 | C41: 1 | D41: 2 | E41: 3 | F41: 4 | G41: 5
A42: 1. INVERSIONES FIJAS | B42: =+B43+B44 -> 113800000 | C42: =+C43+C44 -> 0 | D42: =+D43+D44 -> 0 | E42: =+E43+E44 -> 0 | F42: =+F43+F44 -> 0 | G42: =+G43+G44 -> 0
A43: 1.1. NO DEPRECIABLES | B43: 0
A44: 1.2. DEPRECIABLES | B44: =SUM(B45:B49) -> 113800000 | C44: =SUM(C45:C49) -> 0 | D44: =SUM(D45:D49) -> 0 | E44: =SUM(E45:E49) -> 0 | F44: =SUM(F45:F49) -> 0 | G44: =SUM(G45:G49) -> 0
A45: 1.2.1. Construcciones y obras civiles | B45: 0
A46: 1.2.2. Maquinaria y equipo | B46: =+D10+D11+D12+D14 -> 90800000 | C46: =+E10+E11+E13+E14+E15+E19 -> 0 | D46: =+F10+F11+F13+F14+F15+F19 -> 0 | E46: =+G10+G11+G13+G14+G15+G19 -> 0 | F46: =+H10+H11+H13+H14+H15+H19 -> 0 | G46: =+I10+I11+I13+I14+I15+I19 -> 0
A47: 1.2.3. Muebles y enseres | B47: =+D13+D14+D15 -> 13000000 | C47: =+E16+E17+E18 -> 0 | D47: =+F16+F17+F18 -> 0 | E47: =+G16+G17+G18 -> 0 | F47: =+H16+H17+H18 -> 0 | G47: =+I16+I17+I18 -> 0
A48: 1.2.4. Vehículos | B48: =+D16 -> 10000000 | C48: =+E12 -> 0 | D48: =+F12 -> 0 | E48: =+G12 -> 0 | F48: =+H12 -> 0 | G48: =+I12 -> 0
A49: 1.2.5. Otros | B49: 0
A51: 2. INVERSIONES DIFERIDAS | B51: =SUM(B52:B58) -> 5800000
A52: 2.1. ESTUDIOS
A53: 2.2. GASTOS DE ORGANIZACIÓN | B53: =+D30+D31 -> 1300000
A54: 2.3. GASTOS DE MONTAJE | B54: =+D29 -> 0
A55: 2.4. GASTOS DE PUESTA EN MARCHA | B55: =+D32+D33 -> 3500000
A56: 2.5. CAPACITACION | B56: 0
A57: 2.6. OTROS | B57: 0
A58: 2.7. IMPREVISTOS | B58: =+D35 -> 1000000
A60: 3. CAPITAL DE TRABAJO | B60: =SUM(B61:B66) -> 2.8255833e+08
A61: 3.1. EFECTIVO | B61: 5000000
A62: 3.2. COSTO DE VENTAS | B62: =+'4. COSTOS'!D30 -> 199950000
A63: 3.3. PERSONAL | B63: =+'1. PERSONAL'!D31 -> 11500000
A64: 3.4. CARTERA | B64: =+B62*0.3 -> 59985000
A65: 3.5. GASTOS GENERALES | B65: =+'4. COSTOS'!D40 -> 338333.33
A66: 3.6. GASTOS OPERATIVOS | B66: =+'4. COSTOS'!D55+'4. COSTOS'!D59+'4. COSTOS'!C70 -> 5785000
A68: TOTAL | B68: =+B42+B51+B60 -> 4.0215833e+08
A70: TABLA 1.5.
A71: RESUMEN DE LA INVERSION
A73: INVERSION EN ACTIVOS FIJOS | B73: =+B42 -> 113800000
A74: INVERSION DIFERIDA | B74: =+B51 -> 5800000
A75: CAPITAL DE TRABAJO | B75: =+B60 -> 2.8255833e+08
A76: TOTAL INVERSION | B76: =SUM(B73:B75) -> 4.0215833e+08

Sheet 3, INVENTARIO
B2: PLAN DE NEGOCIOS PARA LA VENTA Y POSTVENTA DE EQUIPOS DE DIAGNÓSTICO AUDIOLÓGICO EN COLOMBIA
C3: ESTIMACION DE VENTAS (PRECIOS Y CANTIDADES)
D5: 0 | E5: 1 | F5: 2 | G5: 3 | H5: 4 | I5: 5
B6: UNIDADES VENDIDAS | D6: mes-uds. 2026
B7: Audiómetros | D7: =+'4. COSTOS'!C25 -> 10 | E7: =+D7*12 -> 120 | F7: =+(E7)*(1+$F$11) -> 138 | G7: =+F7*(1+$G$11) -> 162.84 | H7: =+G7*(1+$H$11) -> 197.0364 | I7: =+H7*(1+$I$11) -> 244.32514
B8: Impedanciómetros | D8: =+'4. COSTOS'!C26 -> 3 | E8: =+D8*12 -> 36 | F8: =+(E8)*(1+$F$11) -> 41.4 | G8: =+F8*(1+$G$11) -> 48.852 | H8: =+G8*(1+$H$11) -> 59.11092 | I8: =+H8*(1+$I$11) -> 73.297541
B9: Equipos OAE/ABR | D9: =+'4. COSTOS'!C27 -> 2 | E9: =+D9*12 -> 24 | F9: =+(E9)*(1+$F$11) -> 27.6 | G9: =+F9*(1+$G$11) -> 32.568 | H9: =+G9*(1+$H$11) -> 39.40728 | I9: =+H9*(1+$I$11) -> 48.865027
B10: TOTAL | E10: =SUM(E7:E9) -> 180 | F10: =+(E10)*(1+$F$11) -> 207 | G10: =SUM(G7:G9) -> 244.26 | H10: =SUM(H7:H9) -> 295.5546 | I10: =SUM(I7:I9) -> 366.4877
B11: Crecimiento ventas | F11: 0.15 | G11: 0.18 | H11: 0.21 | I11: 0.24 | J11: Estrategia comercial y dinámica económica
B13: PRECIOS VENTA | C13: MARGEN UTILIDAD = | D13: 0.4
B14: Audiómetros | E14: ='4. COSTOS'!C20*(1+'3, INVENTARIO'!$D$13) -> 11900000 | F14: =+E14*(1+$F$17) -> 13030500 | G14: =+F14*(1+$G$17) -> 14265791 | H14: =+G14*(1+$H$17) -> 15874973 | I14: =+H14*(1+$I$17) -> 17525970
B15: Impedanciómetros | E15: =+'4. COSTOS'!D20*(1+$D$13) -> 16310000 | F15: =+E15*(1+$F$17) -> 17859450 | G15: =+F15*(1+$G$17) -> 19552526 | H15: =+G15*(1+$H$17) -> 21758051 | I15: =+H15*(1+$I$17) -> 24020888
B16: Equipos OAE/ABR | E16: =+'4. COSTOS'!E20*(1+$D$13) -> 56000000 | F16: =+E16*(1+$F$17) -> 61320000 | G16: =+F16*(1+$G$17) -> 67133136 | H16: =+G16*(1+$H$17) -> 74705754 | I16: =+H16*(1+$I$17) -> 82475152
B17: Crecimiento precio | F17: =+(0.9*'4. COSTOS'!O8+0.1*'3, INVENTARIO'!F18) -> 0.095 | G17: =+(0.9*'4. COSTOS'!O8+0.1*'3, INVENTARIO'!G18) -> 0.0948 | H17: =+(0.9*'4. COSTOS'!P8+0.1*'3, INVENTARIO'!H18) -> 0.1128 | I17: =+(0.9*'4. COSTOS'!Q8+0.1*'3, INVENTARIO'!I18) -> 0.104
B18: Inflación proyectada | E18: 0.052 | F18: 0.05 | G18: 0.048 | H18: 0.048 | I18: 0.05
B19: INGRESOS POR VENTAS
B20: Audiómetros | E20: =+E7*E14 -> 1428000000 | F20: =+F7*F14 -> 1798209000 | G20: =+G7*G14 -> 2.3230415e+09 | H20: =+H7*H14 -> 3.1279475e+09 | I20: =+I7*I14 -> 4.282035e+09
B21: Impedanciómetros | E21: =+E8*E15 -> 5.8716e+08 | F21: =+F8*F15 -> 7.3938123e+08 | G21: =+G8*G15 -> 9.5517999e+08 | H21: =+H8*H15 -> 1.2861384e+09 | I21: =+I8*I15 -> 1.760672e+09
B22: Equipos OAE/ABR | E22: =+E9*E16 -> 1344000000 | F22: =+F9*F16 -> 1.692432e+09 | G22: =+G9*G16 -> 2.186392e+09 | H22: =+H9*H16 -> 2.9439506e+09 | I22: =+I9*I16 -> 4.0301506e+09
B23: total ingresos | E23: =SUM(E20:E22) -> 3359160000 | F23: =SUM(F20:F22) -> 4230022230 | G23: =SUM(G20:G22) -> 5.4646134e+09 | H23: =SUM(H20:H22) -> 7.3580364e+09 | I23: =SUM(I20:I22) -> 1.0072858e+10
B25: Impuestos= | D25: 0.31 | E25: 0.31 | F25: 0.31 | G25: 0.31 | H25: 0.31 | I25: 0.31
A28: IMPORTACIÓN, VENTA Y POSTVENTA DE EQUIPOS DE AUDIOLOGÍA
A30: MOVIMIENTO DE INVENTARIOS
A32: AUDIÓMETROS | C32: INGRESOS | F32: EGRESOS | I32: SALDO
A33: PERIODO | B33: DETALLE | C33: UNDADES | D33: $/UNT | E33: TOTAL | F33: UNDADES | G33: $/UNT | H33: TOTAL | I33: UNDADES | J33: $/UNT | K33: TOTAL
I34: 0 | K34: 0
A35: ene-dic | B35: Compras | C35: =+'3, INVENTARIO'!E7+1 -> 121 | D35: =+'4. COSTOS'!M10 -> 8500000 | E35: =+C35*D35 -> 1028500000 | I35: =+C35-F35 -> 121 | J35: =+K35/I35 -> 8500000 | K35: =+E35-H35 -> 1028500000
A36: 2025 | B36: devoluc. en compras | F36: =ROUND(+C35*0%,0) -> 0 | G36: =+J35 -> 8500000 | H36: =+G36*F36 -> 0 | I36: =+I35+C36-F36 -> 121 | J36: =+K36/I36 -> 8500000 | K36: =+K35+E36-H36 -> 1028500000
B37: Ventas | F37: =+'3, INVENTARIO'!E7 -> 120 | G37: =+J36 -> 8500000 | H37: =+F37*G37 -> 1020000000 | I37: =+I36+C37-F37 -> 1 | J37: =+K37/I37 -> 8500000 | K37: =+K36+E37-H37 -> 8500000
B38: Devolucion en ventas | C38: =ROUND(+F37*0%,0) -> 0 | D38: =+J37 -> 8500000 | E38: =+C38*D38 -> 0 | I38: =+I37+C38-F38 -> 1 | J38: =+K38/I38 -> 8500000 | K38: =+K37+E38-H38 -> 8500000
A39: ene-dic | B39: Compras | C39: =+'3, INVENTARIO'!F7 -> 138 | D39: =+'4. COSTOS'!N10 -> 8500000 | E39: =+C39*D39 -> 1173000000 | I39: =+I38+C39-F39 -> 139 | J39: =+K39/I39 -> 8500000 | K39: =+K38+E39-H39 -> 1181500000
A40: 2026 | B40: devoluc. en compras | F40: =ROUND(+C39*0%,0) -> 0 | G40: =+J39 -> 8500000 | H40: =+G40*F40 -> 0 | I40: =+I39+C40-F40 -> 139 | J40: =+K40/I40 -> 8500000 | K40: =+K39+E40-H40 -> 1181500000
B41: Ventas | F41: =+'3, INVENTARIO'!F7 -> 138 | G41: =+J40 -> 8500000 | H41: =+F41*G41 -> 1173000000 | I41: =+I40+C41-F41 -> 1 | J41: =+K41/I41 -> 8500000 | K41: =+K40+E41-H41 -> 8500000
B42: Devolucion en ventas | C42: =ROUND(+F41*0%,0) -> 0 | D42: =+J41 -> 8500000 | E42: =+C42*D42 -> 0 | I42: =+I41+C42-F42 -> 1 | J42: =+K42/I42 -> 8500000 | K42: =+K41+E42-H42 -> 8500000
A43: ene-dic | B43: Compras | C43: =+'3, INVENTARIO'!G7 -> 162.84 | D43: =+'4. COSTOS'!O10 -> 9350000 | E43: =+C43*D43 -> 1522554000 | I43: =+I42+C43-F43 -> 163.84 | J43: =+K43/I43 -> 9344812 | K43: =+K42+E43-H43 -> 1531054000
A44: 2027 | B44: devoluc. en compras | F44: =ROUND(+C43*0%,0) -> 0 | G44: =+J43 -> 9344812 | H44: =+G44*F44 -> 0 | I44: =+I43+C44-F44 -> 163.84 | J44: =+K44/I44 -> 9344812 | K44: =+K43+E44-H44 -> 1531054000
B45: Ventas | F45: =+C43 -> 162.84 | G45: =+J44 -> 9344812 | H45: =+F45*G45 -> 1.5217092e+09 | I45: =+I44+C45-F45 -> 1 | J45: =+K45/I45 -> 9344812 | K45: =+K44+E45-H45 -> 9344812
B46: Devolucion en ventas | C46: =ROUND(+F45*0%,0) -> 0 | D46: =+J45 -> 9344812 | E46: =+C46*D46 -> 0 | I46: =+I45+C46-F46 -> 1 | J46: =+K46/I46 -> 9344812 | K46: =+K45+E46-H46 -> 9344812
A47: ene-dic | B47: Compras | C47: =+'3, INVENTARIO'!H7 -> 197.0364 | D47: =+'4. COSTOS'!P10 -> 10472000 | E47: =+C47*D47 -> 2.0633652e+09 | I47: =+I46+C47-F47 -> 198.0364 | J47: =+K47/I47 -> 10466308 | K47: =+K46+E47-H47 -> 2.07271e+09
A48: 2028 | B48: devoluc. en compras | F48: =ROUND(+C47*0%,0) -> 0 | G48: =+J47 -> 10466308 | H48: =+G48*F48 -> 0 | I48: =+I47+C48-F48 -> 198.0364 | J48: =+K48/I48 -> 10466308 | K48: =+K47+E48-H48 -> 2.07271e+09
B49: Ventas | F49: =+C47 -> 197.0364 | G49: =+J48 -> 10466308 | H49: =+F49*G49 -> 2.0622437e+09 | I49: =+I48+C49-F49 -> 1 | J49: =+K49/I49 -> 10466308 | K49: =+K48+E49-H49 -> 10466308
B50: Devolucion en ventas | C50: =ROUND(+F49*0%,0) -> 0 | D50: =+J49 -> 10466308 | E50: =+C50*D50 -> 0 | I50: =+I49+C50-F50 -> 1 | J50: =+K50/I50 -> 10466308 | K50: =+K49+E50-H50 -> 10466308
A51: ene-dic | B51: Compras | C51: =+I7 -> 244.32514 | D51: =+'4. COSTOS'!Q10 -> 11623920 | E51: =+C51*D51 -> 2.8400158e+09 | I51: =+I50+C51-F51 -> 245.32514 | J51: =+K51/I51 -> 11619201 | K51: =+K50+E51-H51 -> 2.8504821e+09
B52: Dev. en compras | F52: =ROUND(C51*0%,0) -> 0 | G52: =+J51 -> 11619201 | H52: =+F52*G52 -> 0 | I52: =+I51+C52-F52 -> 245.32514 | J52: =+K52/I52 -> 11619201 | K52: =+K51+E52-H52 -> 2.8504821e+09
A53: 2029 | B53: Ventas | F53: =+C51 -> 244.32514 | G53: =+J52 -> 11619201 | H53: =+F53*G53 -> 2.8388629e+09 | I53: =+I52+C53-F53 -> 1 | J53: =+K53/I53 -> 11619201 | K53: =+K52+E53-H53 -> 11619201
B54: Devolución en ventas | C54: =ROUND(F53*0%,0) -> 0 | D54: =+J53 -> 11619201 | E54: =+C54*D54 -> 0 | I54: =+I53+C54-F54 -> 1 | J54: =+K54/I54 -> 11619201 | K54: =+K53+E54-H54 -> 11619201
A58: IMPEDANCIÓMETROS | C58: INGRESOS | F58: EGRESOS | I58: SALDO
A59: PERIODO | B59: DETALLE | C59: UNDADES | D59: $/UNT | E59: TOTAL | F59: UNDADES | G59: $/UNT | H59: TOTAL | I59: UNDADES | J59: $/UNT | K59: TOTAL
I60: 0 | K60: 0
A61: ene-dic | B61: Compras | C61: =+'3, INVENTARIO'!E8+1 -> 37 | D61: =+'4. COSTOS'!M11 -> 11650000 | E61: =+C61*D61 -> 431050000 | I61: =+C61-F61 -> 37 | J61: =+K61/I61 -> 11650000 | K61: =+E61-H61 -> 431050000
A62: 2025 | B62: devoluc. en compras | F62: =ROUND(+C61*0%,0) -> 0 | G62: =+J61 -> 11650000 | H62: =+G62*F62 -> 0 | I62: =+I61+C62-F62 -> 37 | J62: =+K62/I62 -> 11650000 | K62: =+K61+E62-H62 -> 431050000
B63: Ventas | F63: =+'3, INVENTARIO'!E8 -> 36 | G63: =+J62 -> 11650000 | H63: =+F63*G63 -> 419400000 | I63: =+I62+C63-F63 -> 1 | J63: =+K63/I63 -> 11650000 | K63: =+K62+E63-H63 -> 11650000
B64: Devolucion en ventas | C64: 0 | D64: =+J63 -> 11650000 | E64: =+C64*D64 -> 0 | I64: =+I63+C64-F64 -> 1 | J64: =+K64/I64 -> 11650000 | K64: =+K63+E64-H64 -> 11650000
A65: ene-dic | B65: Compras | C65: =+'3, INVENTARIO'!F8 -> 41.4 | D65: =+'4. COSTOS'!N11 -> 11650000 | E65: =+C65*D65 -> 482310000 | I65: =+I64+C65-F65 -> 42.4 | J65: =+K65/I65 -> 11650000 | K65: =+K64+E65-H65 -> 493960000
A66: 2026 | B66: devoluc. en compras | F66: =ROUND(+C65*0%,0) -> 0 | G66: =+J65 -> 11650000 | H66: =+G66*F66 -> 0 | I66: =+I65+C66-F66 -> 42.4 | J66: =+K66/I66 -> 11650000 | K66: =+K65+E66-H66 -> 493960000
B67: Ventas | F67: =+C65 -> 41.4 | G67: =+J66 -> 11650000 | H67: =+F67*G67 -> 482310000 | I67: =+I66+C67-F67 -> 1 | J67: =+K67/I67 -> 11650000 | K67: =+K66+E67-H67 -> 11650000
B68: Devolucion en ventas | C68: =ROUND(+F67*0%,0) -> 0 | D68: =+J67 -> 11650000 | E68: =+C68*D68 -> 0 | I68: =+I67+C68-F68 -> 1 | J68: =+K68/I68 -> 11650000 | K68: =+K67+E68-H68 -> 11650000
A69: ene-dic | B69: Compras | C69: =+'3, INVENTARIO'!G8 -> 48.852 | D69: =+'4. COSTOS'!O11 -> 12815000 | E69: =+C69*D69 -> 626038380 | I69: =+I68+C69-F69 -> 49.852 | J69: =+K69/I69 -> 12791631 | K69: =+K68+E69-H69 -> 637688380
A70: 2027 | B70: devoluc. en compras | F70: =ROUND(+C69*0%,0) -> 0 | G70: =+J69 -> 12791631 | H70: =+G70*F70 -> 0 | I70: =+I69+C70-F70 -> 49.852 | J70: =+K70/I70 -> 12791631 | K70: =+K69+E70-H70 -> 637688380
B71: Ventas | F71: =+C69 -> 48.852 | G71: =+J70 -> 12791631 | H71: =+F71*G71 -> 6.2489675e+08 | I71: =+I70+C71-F71 -> 1 | J71: =+K71/I71 -> 12791631 | K71: =+K70+E71-H71 -> 12791631
B72: Devolucion en ventas | C72: =ROUND(+F71*2.5%,0) -> 1 | D72: =+J71 -> 12791631 | E72: =+C72*D72 -> 12791631 | I72: =+I71+C72-F72 -> 2 | J72: =+K72/I72 -> 12791631 | K72: =+K71+E72-H72 -> 25583262
A73: ene-dic | B73: Compras | C73: =+'3, INVENTARIO'!H8 -> 59.11092 | D73: =+'4. COSTOS'!P11 -> 14352800 | E73: =+C73*D73 -> 8.4840721e+08 | I73: =+I72+C73-F73 -> 61.11092 | J73: =+K73/I73 -> 14301707 | K73: =+K72+E73-H73 -> 8.7399047e+08
A74: 2028 | B74: devoluc. en compras | F74: =ROUND(+C73*2.5%,0) -> 1 | G74: =+J73 -> 14301707 | H74: =+G74*F74 -> 14301707 | I74: =+I73+C74-F74 -> 60.11092 | J74: =+K74/I74 -> 14301707 | K74: =+K73+E74-H74 -> 8.5968877e+08
B75: Ventas | F75: =+C73 -> 59.11092 | G75: =+J74 -> 14301707 | H75: =+F75*G75 -> 8.4538706e+08 | I75: =+I74+C75-F75 -> 1 | J75: =+K75/I75 -> 14301707 | K75: =+K74+E75-H75 -> 14301707
B76: Devolución en ventas | C76: =ROUND(F75*2.5%,0) -> 1 | D76: =+J75 -> 14301707 | E76: =+C76*D76 -> 14301707 | I76: =+I75+C76-F76 -> 2 | J76: =+K76/I76 -> 14301707 | K76: =+K75+E76-H76 -> 28603414
A77: ene-dic | B77: Compras | C77: =+I8 -> 73.297541 | D77: =+'4. COSTOS'!Q11 -> 15931608 | E77: =+C77*D77 -> 1.1677477e+09 | I77: =+I76+C77-F77 -> 75.297541 | J77: =+K77/I77 -> 15888316 | K77: =+K76+E77-H77 -> 1.1963511e+09
A78: 2029 | B78: Dev. En compras | F78: 3 | G78: =+J77 -> 15888316 | H78: =+G78*F78 -> 47664947 | I78: =+I77+C78-F78 -> 72.297541 | J78: =+K78/I78 -> 15888316 | K78: =+K77+E78-H78 -> 1.1486862e+09
B79: Ventas | F79: =+C77 -> 73.297541 | G79: =+J78 -> 15888316 | H79: =+G79*F79 -> 1.1645745e+09 | I79: =+I78+C79-F79 -> -1 | J79: =+K79/I79 -> 15888316 | K79: =+K78+E79-H79 -> -15888316
B80: Devolucion en ventas | C80: =ROUND(F79*2.5%,0) -> 2 | D80: =+J79 -> 15888316 | E80: =+C80*D80 -> 31776631 | I80: =+I79+C80-F80 -> 1 | J80: =+K80/I80 -> 15888316 | K80: =+K79+E80-H80 -> 15888316
A82: EQUIPOS OAE/ABR | C82: INGRESOS | F82: EGRESOS | I82: SALDO
A83: PERIODO | B83: DETALLE | C83: UNDADES | D83: $/UNT | E83: TOTAL | F83: UNDADES | G83: $/UNT | H83: TOTAL | I83: UNDADES | J83: $/UNT | K83: TOTAL
I84: 0 | K84: 0
A85: ene-dic | B85: Compras | C85: =+'3, INVENTARIO'!E9+1 -> 25 | D85: =+'4. COSTOS'!M12 -> 40000000 | E85: =+C85*D85 -> 1000000000 | I85: =+C85-F85 -> 25 | J85: =+K85/I85 -> 40000000 | K85: =+E85-H85 -> 1000000000
A86: 2025 | B86: devoluc. en compras | F86: =ROUND(+C85*0%,0) -> 0 | G86: =+J85 -> 40000000 | H86: =+F86*G86 -> 0 | I86: =+I85+C86-F86 -> 25 | J86: =+K86/I86 -> 40000000 | K86: =+K85+E86-H86 -> 1000000000
B87: Ventas | F87: =+'3, INVENTARIO'!E9 -> 24 | G87: =+J86 -> 40000000 | H87: =+F87*G87 -> 960000000 | I87: =+I86+C87-F87 -> 1 | J87: =+K87/I87 -> 40000000 | K87: =+K86+E87-H87 -> 40000000
B88: Devolucion en ventas | C88: =ROUND(+F87*2.5%,0) -> 1 | D88: =+J87 -> 40000000 | E88: =+C88*D88 -> 40000000 | I88: =+I87+C88-F88 -> 2 | J88: =+K88/I88 -> 40000000 | K88: =+K87+E88-H88 -> 80000000
A89: ene-dic | B89: Compras | C89: =+'3, INVENTARIO'!F9 -> 27.6 | D89: =+'4. COSTOS'!N12 -> 40000000 | E89: =+C89*D89 -> 1104000000 | I89: =+I88+C89-F89 -> 29.6 | J89: =+K89/I89 -> 40000000 | K89: =+K88+E89-H89 -> 1184000000
A90: 2026 | B90: devoluc. en compras | F90: =ROUND(+C89*2.5%,0) -> 1 | G90: =+J89 -> 40000000 | H90: =+G90*F90 -> 40000000 | I90: =+I89+C90-F90 -> 28.6 | J90: =+K90/I90 -> 40000000 | K90: =+K89+E90-H90 -> 1144000000
B91: Ventas | F91: =+C89 -> 27.6 | G91: =+J90 -> 40000000 | H91: =+F91*G91 -> 1104000000 | I91: =+I90+C91-F91 -> 1 | J91: =+K91/I91 -> 40000000 | K91: =+K90+E91-H91 -> 40000000
B92: Devolucion en ventas | C92: =ROUND(+F91*2.5%,0) -> 1 | D92: =+J91 -> 40000000 | E92: =+C92*D92 -> 40000000 | I92: =+I91+C92-F92 -> 2 | J92: =+K92/I92 -> 40000000 | K92: =+K91+E92-H92 -> 80000000
A93: ene-dic | B93: Compras | C93: =+'3, INVENTARIO'!G9 -> 32.568 | D93: =+'4. COSTOS'!O12 -> 44000000 | E93: =+C93*D93 -> 1432992000 | I93: =+I92+C93-F93 -> 34.568 | J93: =+K93/I93 -> 43768572 | K93: =+K92+E93-H93 -> 1512992000
A94: 2027 | B94: devoluc. en compras | F94: =ROUND(+C93*2.5%,0) -> 1 | G94: =+J93 -> 43768572 | H94: =+G94*F94 -> 43768572 | I94: =+I93+C94-F94 -> 33.568 | J94: =+K94/I94 -> 43768572 | K94: =+K93+E94-H94 -> 1.4692234e+09
B95: Ventas | F95: =+C93 -> 32.568 | G95: =+J94 -> 43768572 | H95: =+F95*G95 -> 1.4254549e+09 | I95: =+I94+C95-F95 -> 1 | J95: =+K95/I95 -> 43768572 | K95: =+K94+E95-H95 -> 43768572
B96: Devolucion en ventas | C96: =ROUND(+F95*2.5%,0) -> 1 | D96: =+J95 -> 43768572 | E96: =+C96*D96 -> 43768572 | I96: =+I95+C96-F96 -> 2 | J96: =+K96/I96 -> 43768572 | K96: =+K95+E96-H96 -> 87537144
A97: ene-dic | B97: Compras | C97: =+'3, INVENTARIO'!H9 -> 39.40728 | D97: =+'4. COSTOS'!P12 -> 49280000 | E97: =+C97*D97 -> 1.9419908e+09 | I97: =+I96+C97-F97 -> 41.40728 | J97: =+K97/I97 -> 49013794 | K97: =+K96+E97-H97 -> 2.0295279e+09
A98: 2028 | B98: devoluc. en compras | F98: =ROUND(+C97*2.5%,0) -> 1 | G98: =+J97 -> 49013794 | H98: =+G98*F98 -> 49013794 | I98: =+I97+C98-F98 -> 40.40728 | J98: =+K98/I98 -> 49013794 | K98: =+K97+E98-H98 -> 1.9805141e+09
B99: Ventas | F99: =+C97 -> 39.40728 | G99: =+J98 -> 49013794 | H99: =+F99*G99 -> 1.9315003e+09 | I99: =+I98+C99-F99 -> 1 | J99: =+K99/I99 -> 49013794 | K99: =+K98+E99-H99 -> 49013794
B100: Devolucion en ventas | C100: =ROUND(+F99*2.5%,0) -> 1 | D100: =+J99 -> 49013794 | E100: =+C100*D100 -> 49013794 | I100: =+I99+C100-F100 -> 2 | J100: =+K100/I100 -> 49013794 | K100: =+K99+E100-H100 -> 98027589
A101: ene-dic | B101: Compras | C101: =+I9 -> 48.865027 | D101: =+'4. COSTOS'!Q12 -> 54700800 | E101: =+C101*D101 -> 2.6729561e+09 | I101: =+I100+C101-F101 -> 50.865027 | J101: =+K101/I101 -> 54477188 | K101: =+K100+E101-H101 -> 2.7709837e+09
A102: 2029 | B102: devoluc. en compras | F102: =ROUND(+C101*2.5%,0) -> 1 | G102: =+J101 -> 54477188 | H102: =+G102*F102 -> 54477188 | I102: =+I101+C102-F102 -> 49.865027 | J102: =+K102/I102 -> 54477188 | K102: =+K101+E102-H102 -> 2.7165065e+09
B103: Ventas | F103: =+C101 -> 48.865027 | G103: =+J102 -> 54477188 | H103: =+G103*F103 -> 2.6620293e+09 | I103: =+I102+C103-F103 -> 1 | J103: =+K103/I103 -> 54477188 | K103: =+K102+E103-H103 -> 54477188
B104: Devolucion en ventas | C104: =ROUND(+F103*2.5%,0) -> 1 | D104: =+J103 -> 54477188 | E104: =+C104*D104 -> 54477188 | I104: =+I103+C104-F104 -> 2 | J104: =+K104/I104 -> 54477188 | K104: =+K103+E104-H104 -> 1.0895438e+08
A106: TOTAL E. DE AUDIOLOGÍA | C106: INGRESOS | F106: EGRESOS | I106: SALDO
A107: PERIODO | B107: DETALLE | C107: UNDADES | D107: $/UNT | E107: TOTAL | F107: UNDADES | G107: $/UNT | H107: TOTAL | I107: UNDADES | J107: $/UNT | K107: TOTAL
I108: 0 | K108: 0
A109: ene-dic | B109: Compras | C109: =+C35+C61+C85 -> 183 | D109: =+E109/C109 -> 13440164 | E109: =+E35+E61+E85 -> 2459550000 | I109: =+C109-F109 -> 183 | J109: =+K109/I109 -> 13440164 | K109: =+E109-H109 -> 2459550000 | L109: =+K35+K61+K85-K109 -> 0
A110: 2025 | B110: devoluc. en compras | F110: =+F36+F62+F86 -> 0 | G110: =+H110/F110 -> #DIV/0! | H110: =+H36+H62+H86 -> 0 | I110: =+I109+C110-F110 -> 183 | J110: =+K110/I110 -> 13440164 | K110: =+K109+E110-H110 -> 2459550000 | L110: =+K36+K62+K86-K110 -> 0
B111: Ventas | F111: =+F37+F63+F87 -> 180 | G111: =+H111/F111 -> 13330000 | H111: =+H37+H63+H87 -> 2399400000 | I111: =+I110+C111-F111 -> 3 | J111: =+K111/I111 -> 20050000 | K111: =+K110+E111-H111 -> 60150000 | L111: =+K37+K63+K87-K111 -> 0
B112: Devolucion en ventas | C112: =+C38+C64+C88 -> 1 | D112: =+E112/C112 -> 40000000 | E112: =+E38+E64+E88 -> 40000000 | I112: =+I111+C112-F112 -> 4 | J112: =+K112/I112 -> 25037500 | K112: =+K111+E112-H112 -> 100150000 | L112: =+K38+K64+K88-K112 -> 0
A113: ene-dic | B113: Compras | C113: =+C39+C65+C89 -> 207 | D113: =+E113/C113 -> 13330000 | E113: =+E39+E65+E89 -> 2759310000 | I113: =+I112+C113-F113 -> 211 | J113: =+K113/I113 -> 13551943 | K113: =+K112+E113-H113 -> 2859460000 | L113: =+K39+K65+K89-K113 -> 0
...

Sheet 4. COSTOS
B1: IMPORTACIÓN, VENTA Y POSTVENTA DE EQUIPOS DE AUDIOLOGÍA
B2: 3. COSTOS Y GASTOS DE PRODUCCION
A3: TABLA 3.1 | E3: 2025 | F3: =E3+1 -> 2026 | G3: =F3+1 -> 2027 | H3: =G3+1 -> 2028 | I3: =H3+1 -> 2029
A4: 1. COSTOS DE SERVICIO | L4: PROYECCION ANUAL DE COSTOS TOTAL UNITARIO
A5: 1.1 COSTO DIRECTO | E5: =+E6+E32+E37 -> 2428013475 | F5: =+F6+F32+F37 -> 2.3873204e+09 | G5: =+G6+G32+G37 -> 3.1538939e+09 | H5: =+H6+H32+H37 -> 4.235941e+09 | I5: =+I6+I32+I37 -> 5.8296587e+09
A6: 1.1.1.RELACION MATERIA PRIMA | E6: =+E30 -> 2399400000 | F6: =+F30 -> 2351382000 | G6: =+G30 -> 3.1075865e+09 | H6: =+H30 -> 4.1737994e+09 | I6: =+I30 -> 5.7448174e+09 | M6: PRECIO INICIAL | N6: PRECIO 2026 | O6: PRECIO 2027 | P6: PRECIO 2028 | Q6: PRECIO 2029 | R6: PRECIO 2030
A7: Especificaciones | C7: AUDIÓMETROS | D7: IMPEDANCIÓMETROS | E7: EQUIPOS OAE/ABR
C8: 0 | L8: % CRECIMIENTO TCRM | N8: 0 | O8: 0.1 | P8: 0.12 | Q8: 0.11 | R8: 0.12
C9: 0 | L9: DETALLE EQUIPOS DE AUDIOLOGÍA
C10: 0 | L10: Audiómetros | M10: =+B25 -> 8500000 | N10: =+M10*(1+$N$8) -> 8500000 | O10: =+N10*(1+$O$8) -> 9350000 | P10: =+O10*(1+$P$8) -> 10472000 | Q10: =+P10*(1+$Q$8) -> 11623920 | R10: =+Q10*(1+$Q$8) -> 12902551
C11: 0 | L11: Impedanciómetros | M11: =+B26 -> 11650000 | N11: =+M11*(1+$N$8) -> 11650000 | O11: =+N11*(1+$O$8) -> 12815000 | P11: =+O11*(1+$P$8) -> 14352800 | Q11: =+P11*(1+$Q$8) -> 15931608 | R11: =+Q11*(1+$Q$8) -> 17684085
C12: 0 | L12: Equipos OAE/ABR | M12: =+B27 -> 40000000 | N12: =+M12*(1+$N$8) -> 40000000 | O12: =+N12*(1+$O$8) -> 44000000 | P12: =+O12*(1+$P$8) -> 49280000 | Q12: =+P12*(1+$Q$8) -> 54700800 | R12: =+Q12*(1+$Q$8) -> 60717888
C13: 0
C14: 0
A15: Costo de Fabrica | C15: 8000000 | D15: 11000000 | E15: 38000000
A16: Fletes | C16: 100000 | D16: 100000 | E16: 100000
A17: Nacionalización | C17: =C15*0.05 -> 400000 | D17: =D15*0.05 -> 550000 | E17: =E15*0.05 -> 1900000
C18: 0
A20: COSTO UNITARIO IMPORTACIÓN | C20: =SUM(C8:C18) -> 8500000 | D20: =SUM(D8:D19) -> 11650000 | E20: =SUM(E8:E19) -> 40000000
A22: TABLA 3.2.
A23: PROYECCIÓN COSTO IMPORTACIÓN, VENTA Y POSTVENTA DE EQUIPOS DE AUDIOLOGÍA
A24: DETALLE | B24: COSTO UNITARIO 2026 | C24: CANTIDAD (Uds. un mes de 2026) | D24: TOTAL MES (2027) | E24: TOTAL 2027 | F24: TOTAL 2028 | G24: TOTAL 2029 | H24: TOTAL 2030 | I24: TOTAL 2031
A25: Audiómetros | B25: =+C20 -> 8500000 | C25: 10 | D25: =+B25*C25 -> 85000000 | E25: =+D25*12 -> 1020000000 | F25: =+O10*'3, INVENTARIO'!F7 -> 1290300000 | G25: =+P10*'3, INVENTARIO'!G7 -> 1.7052605e+09 | H25: =+Q10*'3, INVENTARIO'!H7 -> 2.2903354e+09 | I25: =+R10*'3, INVENTARIO'!I7 -> 3.1524176e+09
A26: Impedanciómetros | B26: =+D20 -> 11650000 | C26: 3 | D26: =+B26*C26 -> 34950000 | E26: =+D26*12 -> 419400000 | F26: =+O11*'3, INVENTARIO'!F8 -> 5.30541e+08 | G26: =+P11*'3, INVENTARIO'!G8 -> 7.0116299e+08 | H26: =+Q11*'3, INVENTARIO'!H8 -> 9.4173201e+08 | I26: =+R11*'3, INVENTARIO'!I8 -> 1.2961999e+09
A27: Equipos OAE y ABR | B27: =+E20 -> 40000000 | C27: 2 | D27: =+B27*C27 -> 80000000 | E27: =+D27*12 -> 960000000 | F27: =+O11*'3, INVENTARIO'!F8 -> 5.30541e+08 | G27: =+P11*'3, INVENTARIO'!G8 -> 7.0116299e+08 | H27: =+Q11*'3, INVENTARIO'!H8 -> 9.4173201e+08 | I27: =+R11*'3, INVENTARIO'!I8 -> 1.2961999e+09
A28: Servicios de Calibración | D28: =+B28*C28 -> 0 | E28: =+D28*12 -> 0 | F28: =+O12*'3, INVENTARIO'!F9 -> 1214400000 | G28: =+P12*'3, INVENTARIO'!G9 -> 1.604951e+09 | H28: =+Q12*'3, INVENTARIO'!H9 -> 2.1556097e+09 | I28: =+R12*'3, INVENTARIO'!I9 -> 2.9669812e+09
A29: Servicio Técnico | D29: =+B29*C29 -> 0 | E29: =+D29*12 -> 0 | F29: =+O12*'3, INVENTARIO'!F9 -> 1214400000 | G29: =+P12*'3, INVENTARIO'!G9 -> 1.604951e+09 | H29: =+Q12*'3, INVENTARIO'!H9 -> 2.1556097e+09 | I29: =+R12*'3, INVENTARIO'!I9 -> 2.9669812e+09
A30: TOTAL COSTO IMPORTACIÓN | C30: =SUM(C25:C27) -> 15 | D30: =SUM(D25:D27) -> 199950000 | E30: =SUM(E25:E27) -> 2399400000 | F30: =SUM(F25:F27) -> 2351382000 | G30: =SUM(G25:G27) -> 3.1075865e+09 | H30: =SUM(H25:H27) -> 4.1737994e+09 | I30: =SUM(I25:I27) -> 5.7448174e+09
A32: 1.1.2. RELACION MATERIALES DIRECTOS | D32: =SUM(D33:D34) -> 150000 | E32: =SUM(E33:E34) -> 1800000 | F32: =+E32*(1+'3, INVENTARIO'!$F$11)*(1+'3, INVENTARIO'!$F$18) -> 2173500 | G32: =+F32*(1+'3, INVENTARIO'!$G$11)*(1+'3, INVENTARIO'!$G$18) -> 2687837 | H32: =+G32*(1+'3, INVENTARIO'!$H$11)*(1+'3, INVENTARIO'!$H$18) -> 3408392.4 | I32: =+H32*(1+'3, INVENTARIO'!$I$11)*(1+'3, INVENTARIO'!$I$18) -> 4437726.9
A33: Materiales de laboratorio (alcohol isopropílico, toallas, etc) | B33: 50000 | C33: 1 | D33: =+B33*C33 -> 50000 | E33: =+D33*12 -> 600000
A34: Wypall | B34: 2000 | C34: 50 | D34: =+B34*C34 -> 100000 | E34: =+D34*12 -> 1200000
A37: 1.1.3. MANO OBRA DIR. Y PRES | D37: =+'1. PERSONAL'!D73 -> 2169375 | E37: =+D37*12*(1.03) -> 26813475 | F37: =+E37*(1+'3, INVENTARIO'!F11)*(1+'3, INVENTARIO'!F17) -> 33764868 | G37: =+F37*(1+'3, INVENTARIO'!G11)*(1+'3, INVENTARIO'!G17) -> 43619618 | H37: =+G37*(1+'3, INVENTARIO'!H11)*(1+'3, INVENTARIO'!H17) -> 58733292 | I37: =+H37*(1+'3, INVENTARIO'!I11)*(1+'3, INVENTARIO'!I17) -> 80403528
A39: 1.2. RELACION GASTOS DE SERVICIO | D39: =+D40+D45 -> 338333.33 | E39: =+D39*12 -> 4060000 | F39: =+F45+F40 -> 4667985 | G39: =+G45+G40 -> 5417140.6 | H39: =+H45+H40 -> 6450167.6 | I39: =+I45+I40 -> 7690663.9
A40: 1.2.1. MATERIALES INDIRECTOS | D40: =SUM(D41:D44) -> 338333.33 | E40: =+D40*12 -> 4060000 | F40: =+E40*(1+'3, INVENTARIO'!F11/3)*(1+'3, INVENTARIO'!F17) -> 4667985 | G40: =+F40*(1+'3, INVENTARIO'!G11/3)*(1+'3, INVENTARIO'!G17) -> 5417140.6 | H40: =+G40*(1+'3, INVENTARIO'!H11/3)*(1+'3, INVENTARIO'!H17) -> 6450167.6 | I40: =+H40*(1+'3, INVENTARIO'!I11/3)*(1+'3, INVENTARIO'!I17) -> 7690663.9
A41: Papeleria y utiles de oficina | B41: 250000 | C41: 1 | D41: =+B41*C41 -> 250000 | E41: =+D41*12 -> 3000000 | F41: =+E41*(1+'3, INVENTARIO'!F11) -> 3450000 | G41: =+F41*(1+'3, INVENTARIO'!G11) -> 4071000 | H41: =+G41*(1+'3, INVENTARIO'!H11) -> 4925910 | I41: =+H41*(1+'3, INVENTARIO'!I11) -> 6108128.4
A42: Elementos de aseo y cafetería | B42: 250000 | C42: 1 | E42: =+D42*12 -> 0
A43: Combustible Carros | B43: 16000 | C43: 5 | D43: =+B43*C43 -> 80000 | E43: =+D43*12*(1+'3, INVENTARIO'!E18)*(1+'3, INVENTARIO'!E11) -> 1009920 | F43: =+E43*((1+'3, INVENTARIO'!F11)*0.7+(1+'3, INVENTARIO'!E18)*0.3) -> 1131716.4 | G43: =+F43*((1+'3, INVENTARIO'!G11)*0.7+(1+'3, INVENTARIO'!F18)*0.3) -> 1291288.4 | H43: =+G43*((1+'3, INVENTARIO'!H11)*0.7+(1+'3, INVENTARIO'!G18)*0.3) -> 1499702.3 | I43: =+H43*((1+'3, INVENTARIO'!I11)*0.7+(1+'3, INVENTARIO'!H18)*0.3) -> 1773248
A44: Dotaciones y seguridad Industrial | B44: 100000 | C44: 1 | D44: =+(B44*C44)/12 -> 8333.3333 | E44: =+D44*12 -> 100000 | F44: =+E44*((1+'3, INVENTARIO'!F11)*0.7+(1+'3, INVENTARIO'!F18)*0.3) -> 112000
A45: 1.2.2. MANO DE OBRA INDIRECTA (SUELDOS Y PREST) | D45: =+'1. PERSONAL'!D76 -> 0 | E45: =+D45*12*(1+'3, INVENTARIO'!E11/3)*(1+'3, INVENTARIO'!E18) -> 0 | F45: =+E45*(1+'3, INVENTARIO'!F11/3)*(1+'3, INVENTARIO'!F18) -> 0 | G45: =+F45*(1+'3, INVENTARIO'!G11/3)*(1+'3, INVENTARIO'!G18) -> 0 | H45: =+G45*(1+'3, INVENTARIO'!H11/3)*(1+'3, INVENTARIO'!H18) -> 0 | I45: =+H45*(1+'3, INVENTARIO'!I11/3)*(1+'3, INVENTARIO'!I18) -> 0
A48: 1.3. OTROS GASTOS INDIRECTOS | D48: =+D49+D55+D59+C62+D64+D66+D69 -> 42950294 | E48: =+E49+E55+E59+E62+E64+E66+E69 -> 1.2283553e+08 | F48: =+F49+F55+F59+F62+F64+F66+F69 -> 1.3799014e+08 | G48: =+G49+G55+G59+G62+G64+G66+G69 -> 1.5736275e+08 | H48: =+H49+H55+H59+H62+H64+H66+H69 -> 1.8544131e+08 | I48: =+I49+I55+I59+I62+I64+I66+I69 -> 2.2279091e+08
A49: 1.3.1. DEPRECIACION FABRICA | D49: =SUM(D50:D53) -> 790000 | E49: =SUM(E50:E53) -> 9480000 | F49: =+E49 -> 9480000 | G49: =+F49 -> 9480000 | H49: =+G49 -> 9480000 | I49: =+H49 -> 9480000
A50: Equipo patrón - Sistema de Calibración | B50: =+'2. INVERSION'!D10 -> 77800000 | C50: 1 | D50: =+B50/(10*12) -> 648333.33 | E50: =+D50*12 -> 7780000 | F50: =+D50*12 -> 7780000 | G50: =+D50*12 -> 7780000 | H50: =+D50*12 -> 7780000 | I50: =+D50*12 -> 7780000
A51: Herramientas y equipos menores | B51: =+'2. INVERSION'!D11 -> 5000000 | C51: 1 | D51: =+B51/(10*12) -> 41666.667 | E51: =+$D$51*12 -> 500000 | F51: =+$D$51*12 -> 500000 | G51: =+$D$51*12 -> 500000 | H51: =+$D$51*12 -> 500000 | I51: =+$D$51*12 -> 500000
A52: Equipo de laboratorio | B52: =+'2. INVERSION'!D14 -> 6000000 | C52: 1 | D52: =+B52/(10*12) -> 50000 | E52: =+$D$52*12 -> 600000 | F52: =+$D$52*12 -> 600000 | G52: =+$D$52*12 -> 600000 | H52: =+$D$52*12 -> 600000 | I52: =+$D$52*12 -> 600000
A53: Equipos de seguridad industrial | B53: =+'2. INVERSION'!D13 -> 6000000 | C53: 1 | D53: =+B53/(10*12) -> 50000 | E53: =+$D$53*12 -> 600000 | F53: =+$D$53*12 -> 600000 | G53: =+$D$53*12 -> 600000 | H53: =+$D$53*12 -> 600000 | I53: =+$D$53*12 -> 600000
A55: 1.3.2. SERVICIOS | D55: =SUM(D56:D58) -> 485000 | E55: =SUM(E56:E58) -> 5820000 | F55: =+E55*(1+'3, INVENTARIO'!F11/10)*(1+'3, INVENTARIO'!F17) -> 6468493.5 | G55: =+F55*(1+'3, INVENTARIO'!G11/10)*(1+'3, INVENTARIO'!G17) -> 7209177.4 | H55: =+G55*(1+'3, INVENTARIO'!H11/10)*(1+'3, INVENTARIO'!H17) -> 8190842.4 | I55: =+H55*(1+'3, INVENTARIO'!I11/10)*(1+'3, INVENTARIO'!I17) -> 9259714.6
B56: Acueducto. Alcantar. y aseo | D56: 220000 | E56: =+D56*12 -> 2640000 | F56: =+E56*(1+'3, INVENTARIO'!F11) -> 3036000 | G56: =+F56*(1+'3, INVENTARIO'!G11) -> 3582480 | H56: =+G56*(1+'3, INVENTARIO'!H11) -> 4334800.8 | I56: =+H56*(1+'3, INVENTARIO'!I11) -> 5375153
B57: Energía Eléctrica | D57: 65000 | E57: =+D57*12 -> 780000
B58: Telefono, fax e internet | C58: 2 lineas * $ 100.000 c/u en prom. | D58: =2*100000 -> 200000 | E58: =+D58*12 -> 2400000
A59: 1.3.3. MANTENIMIENTO | D59: =SUM(D60:D61) -> 2300000 | E59: =SUM(E60:E61) -> 29035200 | F59: =+E59*(1+'3, INVENTARIO'!F17) -> 31793544 | G59: =+F59*(1+'3, INVENTARIO'!G17) -> 34807572 | H59: =+G59*(1+'3, INVENTARIO'!H17) -> 38733866 | I59: =+H59*(1+'3, INVENTARIO'!I17) -> 42762188
A60: Equipos | B60: 100000 | C60: 3 | D60: =+B60*C60 -> 300000 | E60: =+D60*12*(1+'3, INVENTARIO'!E18) -> 3787200
A61: Vehículos | B61: 500000 | C61: 4 | D61: =+B61*C61 -> 2000000 | E61: =+D61*12*(1+'3, INVENTARIO'!E18) -> 25248000
A62: 1.3.4. SEGUROS | B62: Pólizas de protección riesgos: Incendio, rayo, daños a terceros, terremoto, hurto, abnegación, etc. | C62: 200000 | E62: =+C62*12*(1+'3, INVENTARIO'!E18) -> 2524800 | F62: =+E62*(1+'3, INVENTARIO'!F17) -> 2764656 | G62: =+F62*(1+'3, INVENTARIO'!G17) -> 3026745.4 | H62: =+G62*(1+'3, INVENTARIO'!H17) -> 3368162.3 | I62: =+H62*(1+'3, INVENTARIO'!I17) -> 3718451.1
A64: 1.3.5. IMPUESTOS | B64: ICA (11.04 por mil X ventas netas) | C64: 0.01104 | D64: =+E64/12 -> 3053627.2 | E64: =+'6. ESTADOS FINANCIEROS'!D11*'4. COSTOS'!C64 -> 36643526 | F64: =+'6. ESTADOS FINANCIEROS'!E11*'4. COSTOS'!C64 -> 46257845 | G64: =+'6. ESTADOS FINANCIEROS'!F11*'4. COSTOS'!C64 -> 59704908 | H64: =+'6. ESTADOS FINANCIEROS'!G11*'4. COSTOS'!C64 -> 80533719 | I64: =+'6. ESTADOS FINANCIEROS'!H11*'4. COSTOS'!C64 -> 1.1025211e+08
A65: NACIONALIZACIÓN - DECLARACIÓN DE IMPORTACIÓN
A66: 1.3.6. AMORTIZACION DIFERIDOS | D66: =+'2. INVERSION'!D36/(5*12) -> 121666.67 | E66: =+D66*12 -> 1460000 | F66: =+E66 -> 1460000 | G66: =+F66 -> 1460000 | H66: =+G66 -> 1460000 | I66: =+H66 -> 1460000
A69: 1.3.7. OTROS | D69: =+D70 -> 36000000 | E69: =+E70 -> 37872000 | F69: =+F70 -> 39765600 | G69: =+G70 -> 41674349 | H69: =+H70 -> 43674718 | I69: =+I70 -> 45858453
A70: Arrendamiento - Oficina | C70: 3000000 | D70: =+C70*12 -> 36000000 | E70: =+D70*(1+'3, INVENTARIO'!E18) -> 37872000 | F70: =+E70*(1+'3, INVENTARIO'!F18) -> 39765600 | G70: =+F70*(1+'3, INVENTARIO'!G18) -> 41674349 | H70: =+G70*(1+'3, INVENTARIO'!H18) -> 43674718 | I70: =+H70*(1+'3, INVENTARIO'!I18) -> 45858453
A72: 2. GASTOS DE ADMINISTRACION | D72: =+D73+D76+D82+D83+D84 -> 12522940 | E72: =+E73+E76+E82+E83+E84 -> 1.5043128e+08 | F72: =+F73+F76+F82+F83+F84 -> 1.6461776e+08 | G72: =+G73+G76+G82+G83+G84 -> 1.8011924e+08 | H72: =+H73+H76+H82+H83+H84 -> 2.0031261e+08 | I72: =+I73+I76+I82+I83+I84 -> 2.2103072e+08
A73: 2.1. SUELDOS Y PRESTACIONES | D73: =SUM(D74:D75) -> 12181274 | E73: =+D73*12 -> 1.4617528e+08 | F73: =+E73*(1+'3, INVENTARIO'!F17) -> 1.6006194e+08 | G73: =+F73*(1+'3, INVENTARIO'!G17) -> 1.7523581e+08 | H73: =+G73*(1+'3, INVENTARIO'!H17) -> 1.9500241e+08 | I73: =+H73*(1+'3, INVENTARIO'!I17) -> 2.1528266e+08
A74: Sueldos y prestaciones | D74: =+'1. PERSONAL'!D80 -> 11581274 | E74: =+D74*12*(1+'3, INVENTARIO'!E18) -> 1.46202e+08 | F74: =+E74*(1+'3, INVENTARIO'!F18) -> 1.535121e+08
A75: Honorarios Auditor | D75: =+'1. PERSONAL'!D65 -> 600000 | E75: =+D75*12 -> 7200000 | F75: =+E75*(1+'3, INVENTARIO'!E18) -> 7574400
A76: 2.2. DEPRECIACION ADMINISTRATIVAS | D76: =SUM(D77:D81) -> 91666.667 | E76: =+D76*12 -> 1100000 | F76: =+E76 -> 1100000 | G76: =+F76 -> 1100000 | H76: =+G76 -> 1100000 | I76: =+H76 -> 1100000
A77: Equipo de Oficina ( Calc, telèfonos, ) | B77: =+'2. INVERSION'!D15 -> 1000000 | C77: =+'2. INVERSION'!B15 -> 1 | D77: =+B77/(10*12) -> 8333.3333 | E77: =+$D$77*12 -> 100000 | F77: =+$D$77*12 -> 100000 | G77: =+$D$77*12 -> 100000 | H77: =+$D$77*12 -> 100000 | I77: =+$D$77*12 -> 100000
A78: Mobiliario de oficina (oficina abierta) | B78: =+'2. INVERSION'!D16 -> 10000000 | C78: =+'2. INVERSION'!B16 -> 1 | D78: =+B78/(10*12) -> 83333.333 | E78: =+D78*12 -> 1000000
A79: Mobiliario de oficina (sillas, mesas aux.) | B79: =+'2. INVERSION'!D17 -> 0 | C79: =+'2. INVERSION'!B17 -> 1 | D79: =+B79/(10*12) -> 0 | E79: =+D79*12 -> 0
A80: Muebles y utencillos de cafetería | B80: =+'2. INVERSION'!D18 -> 0 | C80: =+'2. INVERSION'!B18 -> 1 | D80: =+B80/(10*12) -> 0 | E80: =+D80*12 -> 0
A81: Equipo de cómputo | B81: =+'2. INVERSION'!D19 -> 0 | C81: =+'2. INVERSION'!B19 -> 0 | D81: =+E81/12 -> 0 | E81: =+B81/5 -> 0
A82: 2.3. SEGUROS | D82: 0 | E82: 0 | F82: =+E82 -> 0 | G82: =+F82 -> 0 | H82: =+G82 -> 0 | I82: =+H82 -> 0
A83: 2.4. IMPUESTOS (predial edif adtivo) | D83: 0 | E83: 0 | F83: =+E83 -> 0 | G83: =+F83 -> 0 | H83: =+G83 -> 0 | I83: =+H83 -> 0
A84: 2.5. OTROS | D84: =+D85 -> 250000 | E84: =+E85 -> 3156000 | F84: =+E84*(1+'3, INVENTARIO'!F17) -> 3455820 | G84: =+F84*(1+'3, INVENTARIO'!G17) -> 3783431.7 | H84: =+G84*(1+'3, INVENTARIO'!H17) -> 4210202.8 | I84: =+H84*(1+'3, INVENTARIO'!I17) -> 4648063.9
A85: Correo y fletes | B85: correspondencia | D85: 250000 | E85: =+D85*12*(1+'3, INVENTARIO'!E18) -> 3156000 | F85: =+E85*(1+'3, INVENTARIO'!F18) -> 3313800 | G85: =+F85*(1+'3, INVENTARIO'!G18) -> 3472862.4 | H85: =+G85*(1+'3, INVENTARIO'!H18) -> 3639559.8 | I85: =+H85*(1+'3, INVENTARIO'!I18) -> 3821537.8
A86: 3. GASTOS DE VENTAS | D86: =+D87+D88+D89 -> 5974466.7 | E86: =+D86*12 -> 71693600 | F86: =+F87+F88+F89 -> 84393128 | G86: =+G87+G88+G89 -> 98807423 | H86: =+H87+H88+H89 -> 1.2011556e+08 | I86: =+I87+I88+I89 -> 1.4966598e+08
A87: 3.1. SUELDOS Y PRESTACIONES | D87: =+'1. PERSONAL'!D79 -> 2892500 | E87: =+D87*12*(1+'3, INVENTARIO'!E18) -> 36514920 | F87: =+E87*(1+'3, INVENTARIO'!F18) -> 38340666 | G87: =+F87*(1+'3, INVENTARIO'!G18) -> 40181018 | H87: =+G87*(1+'3, INVENTARIO'!H18) -> 42109707 | I87: =+H87*(1+'3, INVENTARIO'!I18) -> 44215192
A88: 3.2. GASTOS DE PUBLICIDAD | B88: 1% sobre ventas | D88: =+E88/12 -> 2765966.7 | E88: =+'6. ESTADOS FINANCIEROS'!D11*0.01 -> 33191600 | F88: =+'6. ESTADOS FINANCIEROS'!E11*0.01 -> 41900222 | G88: =+'6. ESTADOS FINANCIEROS'!F11*0.01 -> 54080532 | H88: =+'6. ESTADOS FINANCIEROS'!G11*0.01 -> 72947209 | I88: =+'6. ESTADOS FINANCIEROS'!H11*0.01 -> 99866037
A89: 3.3. OTROS | D89: =SUM(D90:D92) -> 316000 | E89: =+D89*12 -> 3792000 | F89: =+E89*(1+'3, INVENTARIO'!F17) -> 4152240 | G89: =+F89*(1+'3, INVENTARIO'!G17) -> 4545872.4 | H89: =+G89*(1+'3, INVENTARIO'!H17) -> 5058646.8 | I89: =+H89*(1+'3, INVENTARIO'!I17) -> 5584746
A90: Empaques y plásticos (Burbúja de embalaje) | D90: 280000 | E90: =+D90*12 -> 3360000
A91: Depreciación Eq. De Oficina | B91: =+'2. INVERSION'!D12 -> 2000000 | C91: 1 | D91: =+B91/(5*12) -> 33333.333 | E91: =+$D$91*12 -> 400000 | F91: =+$D$91*12 -> 400000 | G91: =+$D$91*12 -> 400000 | H91: =+$D$91*12 -> 400000 | I91: =+$D$91*12 -> 400000
A92: Impuesto(s) vehículo(s) | D92: =+E92/12 -> 2666.6667 | E92: =+'2. INVERSION'!D12*1.6% -> 32000 | F92: =+E92*(1+'3, INVENTARIO'!E18) -> 33664 | G92: =+F92*(1+'3, INVENTARIO'!F18) -> 35347.2 | H92: =+G92*(1+'3, INVENTARIO'!G18) -> 37043.866 | I92: =+H92*(1+'3, INVENTARIO'!H18) -> 38821.971
A96: COSTOS DE PRODUCCION | B96: 2027 | C96: 2028 | D96: 2029 | E96: 2030 | F96: 2031
A97: PERIODO | B97: 1 | C97: 2 | D97: 3 | E97: 4 | F97: 5
A98: 1. COSTOS DE SERVICIO | B98: =+B99+B105+B110 -> 2.514909e+09 | C98: =+C99+C105+C110 -> 2.8979065e+09 | D98: =+D99+D105+D110 -> 3.7245879e+09 | E98: =+E99+E105+E110 -> 5.0298487e+09 | F98: =+F99+F105+F110 -> 6.8945357e+09
A99: 1.1 COSTO DIRECTO | B99: =SUM(B100:B102) -> 2388013475 | C99: =SUM(C100:C102) -> 2.7552484e+09 | D99: =SUM(D100:D102) -> 3.561808e+09 | E99: =SUM(E100:E102) -> 4.8379572e+09 | F99: =SUM(F100:F102) -> 6.6640541e+09
A100: 1.1.1. Materia prima | B100: =+'6. ESTADOS FINANCIEROS'!D25 -> 2359400000 | C100: =+'6. ESTADOS FINANCIEROS'!E25 -> 2719310000 | D100: =+'6. ESTADOS FINANCIEROS'!F25 -> 3.5155006e+09 | E100: =+'6. ESTADOS FINANCIEROS'!G25 -> 4.7758156e+09 | F100: =+'6. ESTADOS FINANCIEROS'!H25 -> 6.5792129e+09
A101: 1.1.2. Materiales directos | B101: =+E32 -> 1800000 | C101: =+F32 -> 2173500 | D101: =+G32 -> 2687837 | E101: =+H32 -> 3408392.4 | F101: =+I32 -> 4437726.9
A102: 1.1.3. Mano de obra y prestacion | B102: =+E37 -> 26813475 | C102: =+F37 -> 33764868 | D102: =+G37 -> 43619618 | E102: =+H37 -> 58733292 | F102: =+I37 -> 80403528
A105: 1.2. GASTOS DE FABRICACION | B105: =SUM(B106:B107) -> 4060000 | C105: =SUM(C106:C107) -> 4667985 | D105: =SUM(D106:D107) -> 5417140.6 | E105: =SUM(E106:E107) -> 6450167.6 | F105: =SUM(F106:F107) -> 7690663.9
A106: 1.2.1. Materiales indirectos | B106: =+E40 -> 4060000 | C106: =+F40 -> 4667985 | D106: =+G40 -> 5417140.6 | E106: =+H40 -> 6450167.6 | F106: =+I40 -> 7690663.9
A107: 1.2.2. Mano obra indirecta y pres | B107: =+E45 -> 0 | C107: =+F45 -> 0 | D107: =+G45 -> 0 | E107: =+H45 -> 0 | F107: =+I45 -> 0
A110: 1.3. OTROS GASTOS INDIRECTOS | B110: =SUM(B111:B117) -> 1.2283553e+08 | C110: =SUM(C111:C117) -> 1.3799014e+08 | D110: =SUM(D111:D117) -> 1.5736275e+08 | E110: =SUM(E111:E117) -> 1.8544131e+08 | F110: =SUM(F111:F117) -> 2.2279091e+08
A111: 1.3.1. Depreciación fábrica | B111: =+E49 -> 9480000 | C111: =+F49 -> 9480000 | D111: =+G49 -> 9480000 | E111: =+H49 -> 9480000 | F111: =+I49 -> 9480000
A112: 1.3.2. Servicios | B112: =+E55 -> 5820000 | C112: =+F55 -> 6468493.5 | D112: =+G55 -> 7209177.4 | E112: =+H55 -> 8190842.4 | F112: =+I55 -> 9259714.6
A113: 1.3.3. Mantenimiento | B113: =+E59 -> 29035200 | C113: =+F59 -> 31793544 | D113: =+G59 -> 34807572 | E113: =+H59 -> 38733866 | F113: =+I59 -> 42762188
A114: 1.3.4. Seguros | B114: =+E62 -> 2524800 | C114: =+F62 -> 2764656 | D114: =+G62 -> 3026745.4 | E114: =+H62 -> 3368162.3 | F114: =+I62 -> 3718451.1
A115: 1.3.5. Impuestos | B115: =+E64 -> 36643526 | C115: =+F64 -> 46257845 | D115: =+G64 -> 59704908 | E115: =+H64 -> 80533719 | F115: =+I64 -> 1.1025211e+08
A116: 1.3.6. Amortización diferidos | B116: =+E66 -> 1460000 | C116: =+F66 -> 1460000 | D116: =+G66 -> 1460000 | E116: =+H66 -> 1460000 | F116: =+I66 -> 1460000
A117: 1.3.7. Otros | B117: =+E70 -> 37872000 | C117: =+F70 -> 39765600 | D117: =+G70 -> 41674349 | E117: =+H70 -> 43674718 | F117: =+I70 -> 45858453
A119: 2. GASTOS DE ADMINISTRACION | B119: =SUM(B120:B124) -> 1.5043128e+08 | C119: =SUM(C120:C124) -> 1.6461776e+08 | D119: =SUM(D120:D124) -> 1.8011924e+08 | E119: =SUM(E120:E124) -> 2.0031261e+08 | F119: =SUM(F120:F124) -> 2.2103072e+08
A120: 2.1. SUELDOS Y PRESTACIONES | B120: =+E73 -> 1.4617528e+08 | C120: =+F73 -> 1.6006194e+08 | D120: =+G73 -> 1.7523581e+08 | E120: =+H73 -> 1.9500241e+08 | F120: =+I73 -> 2.1528266e+08
A121: 2.2. DEPRECIACION ADMINISTRATIVA | B121: =+E76 -> 1100000 | C121: =+F76 -> 1100000 | D121: =+G76 -> 1100000 | E121: =+H76 -> 1100000 | F121: =+I76 -> 1100000
...

Sheet 5. EVALUACIÓN
A3: CALCULO DEL CPC, VALOR DE LA FIRMA Y EVALUACION FINANCIERA
C4: 0 | D4: 1 | E4: 2 | F4: 3 | G4: 4 | H4: 5
A5: Costo de la deuda (d) = | D5: =+'9. PRESTAMO'!K12 -> 0.24468296 | E5: =+'9. PRESTAMO'!K24 -> 0.24336914 | F5: =+'9. PRESTAMO'!K36 -> 0.23813115 | G5: =+'9. PRESTAMO'!K48 -> 0.24074669 | H5: =+'9. PRESTAMO'!K60 -> 0.24468296
A7: Tasa de impuestos = | D7: =+'3, INVENTARIO'!E25 -> 0.31 | E7: =+'3, INVENTARIO'!F25 -> 0.31 | F7: =+'3, INVENTARIO'!G25 -> 0.31 | G7: =+'3, INVENTARIO'!H25 -> 0.31 | H7: =+'3, INVENTARIO'!I25 -> 0.31
A8: Inflación py = | D8: 0.053 | E8: 0.052 | F8: 0.048 | G8: 0.05 | H8: 0.053 | I8: Citar fuente secundaria, o si esproyección propia ver cálculos en Notas Cálculo CPC. xls, E126
A9: Tasa libre de riesgo (Rf)= (bonos TES) | D9: 0.0925 | E9: 0.0925 | F9: 0.1165 | G9: 0.1165 | H9: 0.1165
A10: Rentabilidad esperada del mercado | D10: 0.22 | E10: 0.21 | F10: 0.22 | G10: 0.21 | H10: 0.22
A11: Beta firma (Damoran x Sector Tecnología) | D11: 1.22 | E11: 1.34 | F11: 1.45 | G11: 1.56 | H11: 1.65
A12: (William Sharpe) | B12: Pho = Rf +Bfirma(Rm-Rf) | D12: =+D9+D11*(D10-D9) -> 0.24805 | E12: =+E9+E11*(E10-E9) -> 0.24995 | F12: =+F9+F11*(F10-F9) -> 0.266575 | G12: =+G9+G11*(G10-G9) -> 0.26236 | H12: =+H9+H11*(H10-H9) -> 0.287275
A13: CAPM | B13: Pho: Rentabilidad del patrimonio antes de impuestos
A15: PRACTICA
A17: AÑO | C17: 0 | D17: 1 | E17: 2 | F17: 3 | G17: 4 | H17: 5
A18: FCL | C18: =+'6. ESTADOS FINANCIEROS'!D177 -> -1.196e+08 | D18: =+'6. ESTADOS FINANCIEROS'!E177 -> 4.1121975e+08 | E18: =+'6. ESTADOS FINANCIEROS'!F177 -> 8.461058e+08 | F18: =+'6. ESTADOS FINANCIEROS'!G177 -> 1.0874412e+09 | G18: =+'6. ESTADOS FINANCIEROS'!H177 -> 1.4967302e+09 | H18: =+'6. ESTADOS FINANCIEROS'!I177 -> 7.722008e+08
A19: Saldo deuda | C19: =+'9. PRESTAMO'!B12 -> 3.2172667e+08 | D19: =+'9. PRESTAMO'!B24 -> 2.5738133e+08 | E19: =+'9. PRESTAMO'!B36 -> 1.93036e+08 | F19: =+'9. PRESTAMO'!B48 -> 1.2869067e+08 | G19: =+'9. PRESTAMO'!B60 -> 64345333 | H19: =+'9. PRESTAMO'!B71 -> 5362111.1
A20: Aporte socios | C20: =+'9. PRESTAMO'!C2 -> 80431667
A21: Inv. Inicial | C21: =+C19+C20 -> 4.0215833e+08
A22: WACC = CPC = d(1-T)D% + eP%
A23: Participación de la deuda en el valor total y su contribución en el CPC, después de impuestos
A24: Deuda
A25: Peso relativo D% (Deuda t-1/Vfirma t-1) | D25: =+(C19/C37) -> 0.13943316 | E25: =+(D19/D37) -> 0.10530657 | F25: =+(E19/E37) -> 0.088164528 | G25: =+(F19/F37) -> 0.076992448 | H25: =+(G19/G37) -> 0.10659131
A26: Costo deuda después imp.d(1-T) | D26: =+(D5*(1-D7)) -> 0.16883124 | E26: =+(E5*(1-E7)) -> 0.16792471 | F26: =+(F5*(1-F7)) -> 0.16431049 | G26: =+(G5*(1-G7)) -> 0.16611522 | H26: =+(H5*(1-H7)) -> 0.16883124
A27: Contribución deuda al CPC = D%d(1-T) | D27: =+D25*D26 -> 0.023540674 | E27: =+E25*E26 -> 0.017683575 | F27: =+F25*F26 -> 0.014486357 | G27: =+G25*G26 -> 0.012789617 | H27: =+H25*H26 -> 0.017995944
A29: Patrimonio
A30: Peso relativo patrimonio P% = (1-D%) | D30: =+(1-D25) -> 0.86056684 | E30: =+(1-E25) -> 0.89469343 | F30: =+(1-F25) -> 0.91183547 | G30: =+(1-G25) -> 0.92300755 | H30: =+(1-H25) -> 0.89340869
A31: e= (Pho -dD%)/P% | D31: =+(D12-(D5*D25))/D30 -> 0.24859554 | E31: =+(E12-(E5*E25))/E30 -> 0.25072458 | F31: =+(F12-(F5*F25))/F30 -> 0.26932521 | G31: =+(G12-(G5*G25))/G30 -> 0.26416287 | H31: =+(H12-(H5*H25))/H30 -> 0.2923566
A32: Contribución del patrimonio al CPC | D32: =+D30*D31 -> 0.21393308 | E32: =+E30*E31 -> 0.22432163 | F32: =+F30*F31 -> 0.24558028 | G32: =+G30*G31 -> 0.24382432 | H32: =+H30*H31 -> 0.26119392
A34: CPC después de impuestos = contribuciones | D34: =+D27+D32 -> 0.23747376 | E34: =+E27+E32 -> 0.24200521 | F34: =+F27+F32 -> 0.26006664 | G34: =+G27+G32 -> 0.25661394 | H34: =+H27+H32 -> 0.27918987 | I34: =+(D34*E34*F34*G34*H34)^(1/5) -> 0.25464841 | J34: Prom Geométrico
B36: Primer método: VP (FCL a wacc)
A37: Valor firma | C37: =C48 -> 2.3073899e+09 | D37: =D48 -> 2.4441147e+09 | E37: =E48 -> 2.1894973e+09 | F37: =F48 -> 1.6714713e+09 | G37: =G48 -> 6.0366395e+08 | I37: Herramientas/Opciones/Calcular/Interación /Aceptar
A38: VPN | C38: =+C37+C18 -> 2.1877899e+09 | I38: Archivo/opciones/Fórmulas/Habilitar Iteraciones
I39: Si persisten errores, cualquier número en CPC y deshacer acción desde el úlitmo hasta el primero
A41: AÑOS | C41: 0 | D41: 1 | E41: 2 | F41: 3 | G41: 4 | H41: 5
A42: Segundo método VP del CCF a Pho | C42: (Propuesto por Tham 2000 y Ruback, 2000) | F42: CCF = VP(FCL sin deuda a Ƥ) + VP (ahorro en impuestos Ƥ)
A43: Pago de intereses (Dt-1*d) | D43: =+C19*D5 -> 78721034 | E43: =+D19*E5 -> 62638674 | F43: =+E19*F5 -> 45967885 | G43: =+F19*G5 -> 30981852 | H43: =+G19*H5 -> 15744207
A44: Ahorro en impuestos | D44: =+D43*D7 -> 24403521 | E44: =+E43*E7 -> 19417989 | F44: =+F43*F7 -> 14250044 | G44: =+G43*G7 -> 9604374.1 | H44: =+H43*H7 -> 4880704.1
A46: Capital Cash Flow (CCF = | D46: =+D18+D44 -> 4.3562327e+08 | E46: =+E18+E44 -> 8.6552378e+08 | F46: =+F18+F44 -> 1.1016913e+09 | G46: =+G18+G44 -> 1.5063346e+09 | H46: =+H18+H44 -> 7.7708151e+08
A47: FCL+AI)
A48: Valor firma | C48: =+(D48+D46)/(1+D12) -> 2.3073899e+09 | D48: =+(E48+E46)/(1+E12) -> 2.4441147e+09 | E48: =+(F48+F46)/(1+F12) -> 2.1894973e+09 | F48: =+(G48+G46)/(1+G12) -> 1.6714713e+09 | G48: =+H46/(1+H12) -> 6.0366395e+08
A50: Factor VPN | C50: 1 | D50: =1/(1+D34) -> 0.80809795 | E50: =(1/(1+E34))*(D50) -> 0.65063974 | F50: =(1/(1+F34))*(E50) -> 0.51635344 | G50: =(1/(1+G34))*F50 -> 0.41090857 | H50: =(1/(1+H34))*G50 -> 0.32122563
A51: Valor firma en año 0 (Suma producto) | C51: =SUMPRODUCT(D18:H18,D50:H50) -> 2.3073899e+09
A53: VPN | C53: =+C48+C18 -> 2.1877899e+09
A57: CPC con base contable=
A58: d(1-T)D%t-1 + eP%t-1
A59: Activo | C59: =+'6. ESTADOS FINANCIEROS'!C78 -> 0 | D59: =+'6. ESTADOS FINANCIEROS'!D78 -> 1.0687988e+09 | E59: =+'6. ESTADOS FINANCIEROS'!E78 -> 1.7672399e+09 | F59: =+'6. ESTADOS FINANCIEROS'!F78 -> 2.6676832e+09 | G59: =+'6. ESTADOS FINANCIEROS'!G78 -> 3.9554539e+09 | H59: =+'6. ESTADOS FINANCIEROS'!H78 -> 5.7626544e+09
A60: Pasivo | C60: =+'6. ESTADOS FINANCIEROS'!C88 -> 0 | D60: =+'6. ESTADOS FINANCIEROS'!D88 -> 6.2541106e+08 | E60: =+'6. ESTADOS FINANCIEROS'!E88 -> 7.3370426e+08 | F60: =+'6. ESTADOS FINANCIEROS'!F88 -> 8.800909e+08 | G60: =+'6. ESTADOS FINANCIEROS'!G88 -> 1.1035525e+09 | H60: =+'6. ESTADOS FINANCIEROS'!H88 -> 1.4064715e+09
A61: Patrimonio | C61: =+'6. ESTADOS FINANCIEROS'!C94 -> 0 | D61: =+'6. ESTADOS FINANCIEROS'!D94 -> 4.4338776e+08 | E61: =+'6. ESTADOS FINANCIEROS'!E94 -> 1.0335357e+09 | F61: =+'6. ESTADOS FINANCIEROS'!F94 -> 1.7875923e+09 | G61: =+'6. ESTADOS FINANCIEROS'!G94 -> 2.8519014e+09 | H61: =+'6. ESTADOS FINANCIEROS'!H94 -> 4.3561829e+09
A62: D% | C62: =+C60/C59 -> #DIV/0! | D62: =+D60/D59 -> 0.58515321 | E62: =+E60/E59 -> 0.41516958 | F62: =+F60/F59 -> 0.32990832 | G62: =+G60/G59 -> 0.27899516 | H62: =+H60/H59 -> 0.2440666
A63: P% | C63: =+C61/C59 -> #DIV/0! | D63: =+D61/D59 -> 0.41484679 | E63: =+E61/E59 -> 0.58483042 | F63: =+F61/F59 -> 0.67009168 | G63: =+G61/G59 -> 0.72100484 | H63: =+H61/H59 -> 0.7559334
A65: d | D65: =+D26 -> 0.16883124 | E65: =+E26 -> 0.16792471 | F65: =+F26 -> 0.16431049 | G65: =+G26 -> 0.16611522 | H65: =+H26 -> 0.16883124
A66: e= (Pho -dD%)/P% | D66: =+(D12-D65*D62)/D63 -> 0.35979031 | E66: =+(E12-E65*E62)/E63 -> 0.30817954 | F66: =+(F12-F65*F62)/F63 -> 0.3169232 | G66: =+(G12-G65*G62)/G63 -> 0.29960223 | H66: =+(H12-H65*H62)/H63 -> 0.32551668
A68: CPC | D68: =+(D65*(1-D7)*D62)+D66*D63 -> 0.21742444 | E68: =+(E65*(1-E7)*E62)+E66*E63 -> 0.22833766 | F68: =+(F65*(1-F7)*F62)+F66*F63 -> 0.24977071 | G68: =+(G65*(1-G7)*G62)+G66*G63 -> 0.24799294 | H68: =+(H65*(1-H7)*H62)+H66*H63 -> 0.27450112
A70: VPN | C70: =+(D18+D70)/(1+D68) -> 2.3869201e+09 | D70: =+(E18+E70)/(1+E68) -> 2.4946751e+09 | E70: =+(F18+F70)/(1+F68) -> 2.2181976e+09 | F70: =+(G18+G70)/(1+G68) -> 1.6847971e+09 | G70: =+H18/(1+H68) -> 6.0588476e+08

Sheet 6. ESTADOS FINANCIEROS
A1: PLAN DE NEGOCIOS PARA LA VENTA Y POSTVENTA DE EQUIPOS DE DIAGNÓSTICO AUDIOLÓGICO EN COLOMBIA
C2: ESTADO DE RESULTADOS PROYECTADOS 2027 A 2031
A3: DEL 1° DE ENERO AL 31 DE DICIEMBRE
A4: ( CIFRAS EN PESOS COLOMBIANOS )
D6: 1 | E6: 2 | F6: 3 | G6: 4 | H6: 5
A8: INGRESOS
B9: Ventas equipos de audiología | D9: =+'3, INVENTARIO'!E23 -> 3359160000 | E9: =+'3, INVENTARIO'!F23 -> 4230022230 | F9: =+'3, INVENTARIO'!G23 -> 5.4646134e+09 | G9: =+'3, INVENTARIO'!H23 -> 7.3580364e+09 | H9: =+'3, INVENTARIO'!I23 -> 1.0072858e+10
B10: Menos devoluciones | D10: =+'3, INVENTARIO'!E112 -> 40000000 | E10: =+'3, INVENTARIO'!E116 -> 40000000 | F10: =+'3, INVENTARIO'!E120 -> 56560203 | G10: =+'3, INVENTARIO'!E124 -> 63315501 | H10: =+'3, INVENTARIO'!E128 -> 86253820
B11: Ventas netas | D11: =+D9-D10 -> 3319160000 | E11: =+E9-E10 -> 4190022230 | F11: =+F9-F10 -> 5.4080532e+09 | G11: =+G9-G10 -> 7.2947209e+09 | H11: =+H9-H10 -> 9.9866037e+09
A13: Menos: Costo de ventas
B14: Inventario Inicial | D14: =+'3, INVENTARIO'!K108 -> 0 | E14: =-D23 -> 100150000 | F14: =-E23 -> 100150000 | G14: =-F23 -> 1.2246522e+08 | H14: =-G23 -> 1.3709731e+08
B16: Compras | D16: =+'3, INVENTARIO'!E109 -> 2459550000 | E16: =+'3, INVENTARIO'!E113 -> 2759310000 | F16: =+'3, INVENTARIO'!E117 -> 3581584380 | G16: =+'3, INVENTARIO'!E121 -> 4.8537632e+09 | H16: =+'3, INVENTARIO'!E125 -> 6.6807196e+09
B17: - Devoluciones en compras | D17: =-'3, INVENTARIO'!H110 -> 0 | E17: =-'3, INVENTARIO'!H114 -> -40000000 | F17: =-'3, INVENTARIO'!H118 -> -43768572 | G17: =-'3, INVENTARIO'!H122 -> -63315501 | H17: =-'3, INVENTARIO'!H126 -> -1.0214214e+08
B18: - Descuentos en Compras | D18: 0 | E18: =+D18 -> 0 | F18: =+E18 -> 0 | G18: =+F18 -> 0 | H18: =+G18 -> 0
B19: = Compras Netas | D19: =SUM(D16:D18) -> 2459550000 | E19: =SUM(E16:E18) -> 2719310000 | F19: =SUM(F16:F18) -> 3.5378158e+09 | G19: =SUM(G16:G18) -> 4.7904477e+09 | H19: =SUM(H16:H18) -> 6.5785775e+09
B21: Mercancia Disponible para la Venta | D21: =+D14+D19 -> 2459550000 | E21: =+E14+E19 -> 2819460000 | F21: =+F14+F19 -> 3.6379658e+09 | G21: =+G14+G19 -> 4.9129129e+09 | H21: =+H14+H19 -> 6.7156748e+09
B22: Menos
B23: Inventario Final de Mercancias | D23: =-'3, INVENTARIO'!K112 -> -100150000 | E23: =-'3, INVENTARIO'!K116 -> -100150000 | F23: =-'3, INVENTARIO'!K120 -> -1.2246522e+08 | G23: =-'3, INVENTARIO'!K124 -> -1.3709731e+08 | H23: =-'3, INVENTARIO'!K128 -> -1.3646189e+08
B25: Costo materia prima | D25: =SUM(D21:D24) -> 2359400000 | E25: =SUM(E21:E24) -> 2719310000 | F25: =SUM(F21:F24) -> 3.5155006e+09 | G25: =SUM(G21:G24) -> 4.7758156e+09 | H25: =SUM(H21:H24) -> 6.5792129e+09
D26: =+D25-('3, INVENTARIO'!H111-'3, INVENTARIO'!E112) -> 0 | E26: =+E25-('3, INVENTARIO'!$H$115-'3, INVENTARIO'!$E$116) -> 0 | F26: =+F25-('3, INVENTARIO'!$H$119-'3, INVENTARIO'!$E$120) -> 0 | G26: =+G25-('3, INVENTARIO'!$H$123-'3, INVENTARIO'!$E$124) -> 0 | H26: =+H25-('3, INVENTARIO'!$H$127-'3, INVENTARIO'!$E$128) -> 0
B27: Sueldos y prest.Directo | D27: =+'4. COSTOS'!B102 -> 26813475 | E27: =+'4. COSTOS'!C102 -> 33764868 | F27: =+'4. COSTOS'!D102 -> 43619618 | G27: =+'4. COSTOS'!E102 -> 58733292 | H27: =+'4. COSTOS'!F102 -> 80403528 | I27: =SUM(D27:D30) -> 1.55509e+08
B28: Material directo | D28: =+'4. COSTOS'!B101 -> 1800000 | E28: =+'4. COSTOS'!C101 -> 2173500 | F28: =+'4. COSTOS'!D101 -> 2687837 | G28: =+'4. COSTOS'!E101 -> 3408392.4 | H28: =+'4. COSTOS'!F101 -> 4437726.9
B29: Gastos de Acondicionamiento | D29: =+'4. COSTOS'!B105 -> 4060000 | E29: =+'4. COSTOS'!C105 -> 4667985 | F29: =+'4. COSTOS'!D105 -> 5417140.6 | G29: =+'4. COSTOS'!E105 -> 6450167.6 | H29: =+'4. COSTOS'!F105 -> 7690663.9
B30: Otros gastos indirectos | D30: =+'4. COSTOS'!B110 -> 1.2283553e+08 | E30: =+'4. COSTOS'!C110 -> 1.3799014e+08 | F30: =+'4. COSTOS'!D110 -> 1.5736275e+08 | G30: =+'4. COSTOS'!E110 -> 1.8544131e+08 | H30: =+'4. COSTOS'!F110 -> 2.2279091e+08
B31: Costos ventas(=costos de acondicionamiento) | D31: =SUM(D25:D30) -> 2.514909e+09 | E31: =SUM(E25:E30) -> 2.8979065e+09 | F31: =SUM(F25:F30) -> 3.7245879e+09 | G31: =SUM(G25:G30) -> 5.0298487e+09 | H31: =SUM(H25:H30) -> 6.8945357e+09
A33: Utilidad bruta en ventas | D33: =+D11-D31 -> 8.04251e+08 | E33: =+E11-E31 -> 1.2921157e+09 | F33: =+F11-F31 -> 1.6834653e+09 | G33: =+G11-G31 -> 2.2648722e+09 | H33: =+H11-H31 -> 3.092068e+09
A35: Menos: Gastos de ventas | D35: =SUM(D36:D39) -> 73498520 | E35: =SUM(E36:E39) -> 84393128 | F35: =SUM(F36:F39) -> 98807423 | G35: =SUM(G36:G39) -> 1.2011556e+08 | H35: =SUM(H36:H39) -> 1.4966598e+08
B36: Sueldos y prestaciones | D36: =+'4. COSTOS'!B127 -> 36514920 | E36: =+'4. COSTOS'!C127 -> 38340666 | F36: =+'4. COSTOS'!D127 -> 40181018 | G36: =+'4. COSTOS'!E127 -> 42109707 | H36: =+'4. COSTOS'!F127 -> 44215192
B37: Gastos de publicidad | D37: =+'4. COSTOS'!B128 -> 33191600 | E37: =+'4. COSTOS'!C128 -> 41900222 | F37: =+'4. COSTOS'!D128 -> 54080532 | G37: =+'4. COSTOS'!E128 -> 72947209 | H37: =+'4. COSTOS'!F128 -> 99866037
B38: Otros | D38: =+'4. COSTOS'!B129 -> 3792000 | E38: =+'4. COSTOS'!C129 -> 4152240 | F38: =+'4. COSTOS'!D129 -> 4545872.4 | G38: =+'4. COSTOS'!E129 -> 5058646.8 | H38: =+'4. COSTOS'!F129 -> 5584746
A40: Menos: Gastos de administración | D40: =SUM(D41:D45) -> 1.5043128e+08 | E40: =SUM(E41:E45) -> 1.6461776e+08 | F40: =SUM(F41:F45) -> 1.8011924e+08 | G40: =SUM(G41:G45) -> 2.0031261e+08 | H40: =SUM(H41:H45) -> 2.2103072e+08
B41: Sueldos y prestaciones | D41: =+'4. COSTOS'!B120 -> 1.4617528e+08 | E41: =+'4. COSTOS'!C120 -> 1.6006194e+08 | F41: =+'4. COSTOS'!D120 -> 1.7523581e+08 | G41: =+'4. COSTOS'!E120 -> 1.9500241e+08 | H41: =+'4. COSTOS'!F120 -> 2.1528266e+08
B42: Depreciaciones activas | D42: =+'4. COSTOS'!B121 -> 1100000 | E42: =+'4. COSTOS'!C121 -> 1100000 | F42: =+'4. COSTOS'!D121 -> 1100000 | G42: =+'4. COSTOS'!E121 -> 1100000 | H42: =+'4. COSTOS'!F121 -> 1100000
B43: Seguros | D43: =+'4. COSTOS'!B122 -> 0 | E43: =+'4. COSTOS'!C122 -> 0 | F43: =+'4. COSTOS'!D122 -> 0 | G43: =+'4. COSTOS'!E122 -> 0 | H43: =+'4. COSTOS'!F122 -> 0
B44: Impuestos | D44: =+'4. COSTOS'!B123 -> 0 | E44: =+'4. COSTOS'!C123 -> 0 | F44: =+'4. COSTOS'!D123 -> 0 | G44: =+'4. COSTOS'!E123 -> 0 | H44: =+'4. COSTOS'!F123 -> 0
B45: Otros | D45: =+'4. COSTOS'!B124 -> 3156000 | E45: =+'4. COSTOS'!C124 -> 3455820 | F45: =+'4. COSTOS'!D124 -> 3783431.7 | G45: =+'4. COSTOS'!E124 -> 4210202.8 | H45: =+'4. COSTOS'!F124 -> 4648063.9
A47: UTILIDAD OPERACIONAL | D47: =+D33-D35-D40 -> 5.8032119e+08 | E47: =+E33-E35-E40 -> 1.0431049e+09 | F47: =+F33-F35-F40 -> 1.4045386e+09 | G47: =+G33-G35-G40 -> 1.944444e+09 | H47: =+H33-H35-H40 -> 2.7213713e+09
A49: OTROS INGRESOS
B50: Intereses ea = | D50: 0.04 | E50: 0.04 | F50: 0.04 | G50: 0.04 | H50: 0.04 | I50: Intereses de colocación bancarios en corto plazo
B51: Rendimientos Financieros | D51: =IF(+(((D11-D21-D27-D28-D29-D30-D35-D53+'4. COSTOS'!B111+'4. COSTOS'!B121+'4. COSTOS'!E91-'6. ESTADOS FINANCIEROS'!E146)/2)*D50)<0,0,((D11-D21-D27-D28-D29-D30-D35-D53+'4. COSTOS'!B111+'4. COSTOS'!B121+'4. COSTOS'!E91-'6. ESTADOS FINANCIEROS'!E146)/2)*D50) -> 10253711 | E51: =IF(+(((E11-E21-E27-E28-E29-E30-E35-E53+'4. COSTOS'!C111+'4. COSTOS'!C121+'4. COSTOS'!F91-'6. ESTADOS FINANCIEROS'!F146)/2)*E50)<0,0,((E11-E21-E27-E28-E29-E30-E35-E53+'4. COSTOS'!C111+'4. COSTOS'!C121+'4. COSTOS'!F91-'6. ESTADOS FINANCIEROS'!F146)/2)*E50) -> 20082280 | F51: =IF(+(((F11-F21-F27-F28-F29-F30-F35-F53+'4. COSTOS'!D111+'4. COSTOS'!D121+'4. COSTOS'!G91-'6. ESTADOS FINANCIEROS'!G146)/2)*F50)<0,0,((F11-F21-F27-F28-F29-F30-F35-F53+'4. COSTOS'!D111+'4. COSTOS'!D121+'4. COSTOS'!G91-'6. ESTADOS FINANCIEROS'!G146)/2)*F50) -> 27471619 | G51: =IF(+(((G11-G21-G27-G28-G29-G30-G35-G53+'4. COSTOS'!E111+'4. COSTOS'!E121+'4. COSTOS'!H91-'6. ESTADOS FINANCIEROS'!H146)/2)*G50)<0,0,((G11-G21-G27-G28-G29-G30-G35-G53+'4. COSTOS'!E111+'4. COSTOS'!E121+'4. COSTOS'!H91-'6. ESTADOS FINANCIEROS'!H146)/2)*G50) -> 38654039 | H51: =IF(+(((H11-H21-H27-H28-H29-H30-H35-H53+'4. COSTOS'!F111+'4. COSTOS'!F121+'4. COSTOS'!I91-'6. ESTADOS FINANCIEROS'!I146)/2)*H50)<0,0,((H11-H21-H27-H28-H29-H30-H35-H53+'4. COSTOS'!F111+'4. COSTOS'!F121+'4. COSTOS'!I91-'6. ESTADOS FINANCIEROS'!I146)/2)*H50) -> 54897520
A52: OTROS EGRESOS
B53: Intereses deuda | D53: =+'9. PRESTAMO'!M23 -> 64551580 | E53: =+'9. PRESTAMO'!M35 -> 50093293 | F53: =+'9. PRESTAMO'!M46 -> 35246356 | G53: =+'9. PRESTAMO'!M58 -> 21592052 | H53: =+'9. PRESTAMO'!M71 -> 7698812.3
A55: UTILIDAD ANTES DE IMPUESTOS | D55: =+D47+D51-D53 -> 5.2602333e+08 | E55: =+E47+E51-E53 -> 1.0130938e+09 | F55: =+F47+F51-F53 -> 1.3967639e+09 | G55: =+G47+G51-G53 -> 1.961506e+09 | H55: =+H47+H51-H53 -> 2.76857e+09
A57: PROVISION PARA IMPUESTOS | D57: =+D55*('3, INVENTARIO'!D25) -> 1.6306723e+08 | E57: =+E55*('3, INVENTARIO'!E25) -> 3.1405909e+08 | F57: =+F55*('3, INVENTARIO'!F25) -> 4.3299681e+08 | G57: =+G55*('3, INVENTARIO'!G25) -> 6.0806686e+08 | H57: =+H55*('3, INVENTARIO'!H25) -> 8.582567e+08
A59: UTILIDAD NETA | D59: =+D55-D57 -> 3.6295609e+08 | E59: =+E55-E57 -> 6.9903475e+08 | F59: =+F55-F57 -> 9.6376709e+08 | G59: =+G55-G57 -> 1.3534392e+09 | H59: =+H55-H57 -> 1.9103133e+09
A61: PLAN DE NEGOCIOS PARA LA VENTA Y POSTVENTA DE EQUIPOS DE DIAGNÓSTICO AUDIOLÓGICO EN COLOMBIA
A62: BALANCE GENERAL 2027 A 2031
A63: AL 31 DE DICIEMBRE
A64: ( CIFRAS EN PESOS COLOMBIANOS )
A67: ACTIVO | D67: 1 | E67: 2 | F67: 3 | G67: 4 | H67: 5
A69: Caja y bancos | D69: =+E152 -> 5.8489216e+08 | E69: =+F152 -> 1.2232014e+09 | F69: =+G152 -> 2.0122669e+09 | G69: =+H152 -> 3.1406231e+09 | H69: =+I152 -> 4.7365756e+09
A70: Cuentas por cobrar | D70: =+F106 -> 2.7659667e+08 | E70: =+G107 -> 3.4916852e+08 | F70: =+H108 -> 4.506711e+08 | G70: =+I109 -> 6.0789341e+08 | H70: =+J110 -> 8.3221698e+08
A71: Inventarios | D71: =-D23 -> 100150000 | E71: =-E23 -> 100150000 | F71: =-F23 -> 1.2246522e+08 | G71: =-G23 -> 1.3709731e+08 | H71: =-H23 -> 1.3646189e+08
A72: Activos diferidos | D72: =+'2. INVERSION'!B51-'4. COSTOS'!B116 -> 4340000 | E72: =+D72-'4. COSTOS'!C116 -> 2880000 | F72: =+E72-'4. COSTOS'!D116 -> 1420000 | G72: =+F72-'4. COSTOS'!E116 -> -40000 | H72: =+G72-'4. COSTOS'!F116 -> -1500000
A73: Inversiones | D73: =+E150 -> 0 | E73: =+F150 -> 0 | F73: =+G150 -> 0 | G73: =+H150 -> 0 | H73: =+I150 -> 0
A74: Activos fijos | D74: =+'2. INVERSION'!B42 -> 113800000 | E74: =+D74 -> 113800000 | F74: =+E74 -> 113800000 | G74: =+F74 -> 113800000 | H74: =+G74 -> 113800000
A75: Depreciación acumulada | D75: =+('4. COSTOS'!B111+'4. COSTOS'!B121+'4. COSTOS'!E91) -> 10980000 | E75: =+D75+('4. COSTOS'!C111+'4. COSTOS'!C121+'4. COSTOS'!F91) -> 21960000 | F75: =+E75+('4. COSTOS'!D111+'4. COSTOS'!D121+'4. COSTOS'!G91) -> 32940000 | G75: =+F75+('4. COSTOS'!E111+'4. COSTOS'!E121+'4. COSTOS'!H91) -> 43920000 | H75: =+G75+('4. COSTOS'!F111+'4. COSTOS'!F121+'4. COSTOS'!I91) -> 54900000
A76: Activos fijos netos | D76: =+D74-D75 -> 102820000 | E76: =+E74-E75 -> 91840000 | F76: =+F74-F75 -> 80860000 | G76: =+G74-G75 -> 69880000 | H76: =+H74-H75 -> 58900000
A78: TOTAL ACTIVO | D78: =SUM(D69:D73)+D76 -> 1.0687988e+09 | E78: =SUM(E69:E73)+E76 -> 1.7672399e+09 | F78: =SUM(F69:F73)+F76 -> 2.6676832e+09 | G78: =SUM(G69:G73)+G76 -> 3.9554539e+09 | H78: =SUM(H69:H73)+H76 -> 5.7626544e+09
A81: PASIVO Y CAPITAL | D81: 1 | E81: 2 | F81: 3 | G81: 4 | H81: 5
A83: Cuentas por pagar proveedores | D83: =+F122 -> 204962500 | E83: =+G123 -> 2.2660917e+08 | F83: =+H124 -> 3.1840342e+08 | G83: =+I125 -> 4.3114029e+08 | H83: =+J126 -> 5.4821479e+08
A84: Impuestos por pagar | D84: =+C84+D57-D139 -> 1.6306723e+08 | E84: =+D84+E57-F139 -> 3.1405909e+08 | F84: =+E84+F57-G139 -> 4.3299681e+08 | G84: =+F84+G57-H139 -> 6.0806686e+08 | H84: =+G84+H57-I139 -> 8.582567e+08
A85: Prestaciones Sociales por pagar
A86: Intereses por pagar
A87: Préstamos bancos | D87: =+D145-E146 -> 2.5738133e+08 | E87: =+D87-F146 -> 193036000 | F87: =+E87-G146 -> 1.2869067e+08 | G87: =+F87-H146 -> 64345333 | H87: =+G87-I146 -> 0
A88: TOTAL PASIVOS | D88: =SUM(D83:D87) -> 6.2541106e+08 | E88: =SUM(E83:E87) -> 7.3370426e+08 | F88: =SUM(F83:F87) -> 8.800909e+08 | G88: =SUM(G83:G87) -> 1.1035525e+09 | H88: =SUM(H83:H87) -> 1.4064715e+09
A90: CAPITAL
A91: Aportes sociales | D91: =+D114 -> 80431667 | E91: =+E114+D91 -> 80431667 | F91: =+F114+E91 -> 80431667 | G91: =+G114+F91 -> 80431667 | H91: =+H114+G91 -> 80431667
A92: Utilidades Acumuladas | D92: =+D59 -> 3.6295609e+08 | E92: =+D92+E59-E93 -> 9.5310402e+08 | F92: =+E92+F59-F93 -> 1.7071607e+09 | G92: =+F92+G59-G93 -> 2.7714697e+09 | H92: =+G92+H59-H93 -> 4.2757513e+09
A93: Menos Distribuciòn Utilidades | E93: =+F138 -> 1.0888683e+08 | F93: =+G138 -> 2.0971042e+08 | G93: =+H138 -> 2.8913013e+08 | H93: =+I138 -> 4.0603175e+08
A94: TOTAL PATRIMONIO | D94: =+D91+D92 -> 4.4338776e+08 | E94: =+E91+E92 -> 1.0335357e+09 | F94: =+F91+F92 -> 1.7875923e+09 | G94: =+G91+G92 -> 2.8519014e+09 | H94: =+H91+H92 -> 4.3561829e+09
A96: TOTAL PASIVO MAS PATRIMONIO | D96: =+D94+D88 -> 1.0687988e+09 | E96: =+E94+E88 -> 1.7672399e+09 | F96: =+F94+F88 -> 2.6676832e+09 | G96: =+G94+G88 -> 3.9554539e+09 | H96: =+H94+H88 -> 5.7626544e+09
A97: DIFERENCIA | D97: =+D78-D96 -> 0 | E97: =+E78-E96 -> 0 | F97: =+F78-F96 -> 0 | G97: =+G78-G96 -> 0 | H97: =+H78-H96 -> 0
A98: PLAN DE NEGOCIOS PARA LA VENTA Y POSTVENTA DE EQUIPOS DE DIAGNÓSTICO AUDIOLÓGICO EN COLOMBIA
A99: FLUJO DE TESORERIA 2027 A 2031
A100: AL 31 DE DICIEMBRE
A101: ( CIFRAS EN PESOS COLOMBIANOS )
D103: 0 | E103: 1 | F103: 2 | G103: 3 | H103: 4 | I103: 5
A104: SALDO INICIAL | D104: 0 | E104: =+D152 -> 2.8255833e+08 | F104: =+E152 -> 5.8489216e+08 | G104: =+F152 -> 1.2232014e+09 | H104: =+G152 -> 2.0122669e+09 | I104: =+H152 -> 3.1406231e+09
A105: INGRESOS
A106: Ventas 2027 | C106: =+D11 -> 3319160000 | E106: =+C106/12*11 -> 3.0425633e+09 | F106: =+C106-E106 -> 2.7659667e+08
A107: Ventas 2028 | C107: =+E11 -> 4190022230 | F107: =+(C107/12)*11 -> 3.8408537e+09 | G107: =+C107-F107 -> 3.4916852e+08
A108: Ventas 2029 | C108: =+F11 -> 5.4080532e+09 | G108: =+(C108/12)*11 -> 4.9573821e+09 | H108: =+C108-G108 -> 4.506711e+08
A109: Ventas 2030 | C109: =+G11 -> 7.2947209e+09 | H109: =+(C109/12)*11 -> 6.6868275e+09 | I109: =+C109-H109 -> 6.0789341e+08
A110: Ventas 2031 | C110: =+H11 -> 9.9866037e+09 | I110: =+(C110/12)*11 -> 9.1543867e+09 | J110: =+C110-I110 -> 8.3221698e+08
A111: TOTAL INGRESO DE CARTERA | E111: =SUM(E106:E110) -> 3.0425633e+09 | F111: =SUM(F106:F110) -> 4.1174504e+09 | G111: =SUM(G106:G110) -> 5.3065507e+09 | H111: =SUM(H106:H110) -> 7.1374986e+09 | I111: =SUM(I106:I110) -> 9.7622801e+09 | J111: =+J110 -> 8.3221698e+08
A112: Venta papeles de bolsa (inv fin) | E112: =+E149 -> 0 | F112: =+F149 -> 0 | G112: =+G149 -> 0 | H112: =+H149 -> 0 | I112: =+I149 -> 0
A113: Rendimientos Financieros | D113: =+C51 -> 0 | E113: =+D51 -> 10253711 | F113: =+E51 -> 20082280 | G113: =+F51 -> 27471619 | H113: =+G51 -> 38654039 | I113: =+H51 -> 54897520
A114: Aportes de capital en efectivo | D114: =+'9. PRESTAMO'!C2 -> 80431667 | E114: 0
A115: Venta inventarios | E115: 0
A116: Venta activos fijos | E116: 0
A117: TOTAL INGRESOS | D117: =SUM(D111:D116) -> 80431667 | E117: =SUM(E111:E116) -> 3.052817e+09 | F117: =SUM(F111:F116) -> 4.1375327e+09 | G117: =SUM(G111:G116) -> 5.3340223e+09 | H117: =SUM(H111:H116) -> 7.1761526e+09 | I117: =SUM(I111:I116) -> 9.8171777e+09
A119: EGRESOS | D119: 0 | E119: 1 | F119: 2 | G119: 3 | H119: 4 | I119: 5
A121: PROVEEDORES
A122: Compras 2026 | C122: =+D19 -> 2459550000 | E122: =+(C122/12)*11 -> 2254587500 | F122: =+C122-E122 -> 204962500
A123: Compras 2027 | C123: =+E19 -> 2719310000 | F123: =+(C123/12)*11 -> 2.4927008e+09 | G123: =+C123-F123 -> 2.2660917e+08
A124: Compras 2028 | C124: =+F19 -> 3.5378158e+09 | G124: =+C124*0.91 -> 3.2194124e+09 | H124: =+C124-G124 -> 3.1840342e+08
A125: Compras 2029 | C125: =+G19 -> 4.7904477e+09 | H125: =+C125*0.91 -> 4.3593074e+09 | I125: =+C125-H125 -> 4.3114029e+08
A126: Compras 2030 | C126: =+H19 -> 6.5785775e+09 | I126: =+(C126/12)*11 -> 6.0303627e+09 | J126: =+C126-I126 -> 5.4821479e+08
A127: Total pago a proveedores | E127: =SUM(E122:E126) -> 2254587500 | F127: =SUM(F122:F126) -> 2.6976633e+09 | G127: =SUM(G122:G126) -> 3.4460216e+09 | H127: =SUM(H122:H126) -> 4.6777108e+09 | I127: =SUM(I122:I126) -> 6.461503e+09 | J127: =SUM(J122:J126) -> 5.4821479e+08
...

Sheet 7. EJERCICIO DE ESTIMACIÓN

Sheet 8. PUNTO EQ
C5: COSTOS FIJOS | D5: =SUM('6. ESTADOS FINANCIEROS'!D27:D30) -> 1.55509e+08
D6: ='1. PERSONAL'!D42 -> 2.040608e+08
C7: TOTAL | D7: =SUM(D5:D6) -> 3.595698e+08
C10: Ganancia x Aud. | D10: ='3, INVENTARIO'!E14-'4. COSTOS'!C20 -> 3400000
C11: Ganancia x Imp. | D11: ='3, INVENTARIO'!E15-'4. COSTOS'!D20 -> 4660000
C12: Ganancia x OAE | D12: ='3, INVENTARIO'!E16-'4. COSTOS'!E20 -> 16000000
C13: TOTAL | D13: =SUM(D10:D12) -> 24060000
C16: Q (año) = | D16: =D7/D13 -> 14.944713 | E16: Equipos x año
C17: Q (mes)= | D17: =D16/12 -> 1.2453928 | E17: Equipos x mes, considerando las tres referencias de equipos (Aud, Imp, OAE)
C20: Q(anual) = | D20: =D7/D11 -> 77.160902 | E20: Equipos x año, considerando una ganancia promedio por equipo de $4,660,000
C21: Q(mensual)= | D21: =D20/12 -> 6.4300752 | E21: Equipos x mes, considerando una ganancia promedio por equipo de $4,660,000
C24: PRI (Periodo de Retorno de la Inversión)= | F24: 113800000 | G24: = | H24: =F24/F25 -> 2.2172532 | I24: ~ 2 años
F25: 51324765

Sheet 9. PRESTAMO
A1: INVERSION TOTAL | C1: =+'2. INVERSION'!B76 -> 4.0215833e+08 | F1: Aporte | G1: Participación
A2: APORTES DE CAPITAL | C2: =+C1*0.2 -> 80431667 | E2: 1 | F2: =C2 -> 80431667 | G2: =+F2/$F$6 -> 1
A3: MONTO DEL PRESTAMO | C3: =+C1*80% -> 3.2172667e+08 | G3: =+F3/$F$6 -> 0
A4: PLAZO EN MESES | C4: =5*12 -> 60 | G4: =+F4/$F$6 -> 0
A5: INTERES ANUAL | G5: =+F5/$F$6 -> 0
A6: DTF T.A MAS (IBR) | C6: 0.16 | F6: =SUM(F2:F5) -> 80431667
B7: AÑO | C7: 1 | D7: 2 | E7: 3 | F7: 4 | G7: 5
A8: DTF (IBR Persona Juridica) | C8: 0.053 | D8: 0.052 | E8: 0.048 | F8: 0.05 | G8: 0.053
A10: MESES | B10: SALDO INICIAL | C10: INTERES | D10: ABONO A CAPITAL | E10: CUOTA | F10: SALDO FINAL | G10: DTF TRIMESTRE ANTIPADO | H10: TASA (DTF+3,5) TRIMESTRE ANTICIPADO | I10: TASA (DTF+3,5) TRIMESTRE VENCIDO | J10: TASA EFECTIVA MENSUAL | K10: TASA EFECTIVA ANUAL | L10: FLUJO ANUAL | M10: INTERESES ANUAL | N10: AMORTIZACION ANUAL
A11: 0 | F11: =+C3 -> 3.2172667e+08
A12: =1+A11 -> 1 | B12: =+F11 -> 3.2172667e+08 | C12: =+B12*J12 -> 5922163.3 | D12: =+C3/C4 -> 5362111.1 | E12: =+C12+D12 -> 11284274 | F12: =+B12-D12 -> 3.1636456e+08 | G12: =+$C$8 -> 0.053 | H12: =((G12+$C$6)/4) -> 0.05325 | I12: =+H12/(1-H12) -> 0.056245049 | J12: =(1+(I12))^(1/3)-1 -> 0.018407437 | K12: =+(J12+1)^12-1 -> 0.24468296 | L12: VPN AÑO 1
A13: =1+A12 -> 2 | B13: =+F12 -> 3.1636456e+08 | C13: =+B13*J13 -> 5823460.6 | D13: =+D12 -> 5362111.1 | E13: =+C13+D13 -> 11185572 | F13: =+B13-D13 -> 3.1100244e+08 | G13: =+$C$8 -> 0.053 | H13: =((G13+$C$6)/4) -> 0.05325 | I13: =+H13/(1-H13) -> 0.056245049 | J13: =(1+(I13))^(1/3)-1 -> 0.018407437 | K13: =+(J13+1)^12-1 -> 0.24468296 | L13: =NPV(J23,E12:E23) -> 1.1494201e+08
A14: =1+A13 -> 3 | B14: =+F13 -> 3.1100244e+08 | C14: =+B14*J14 -> 5724757.9 | D14: =+D13 -> 5362111.1 | E14: =+C14+D14 -> 11086869 | F14: =+B14-D14 -> 3.0564033e+08 | G14: =+$C$8 -> 0.053 | H14: =((G14+$C$6)/4) -> 0.05325 | I14: =+H14/(1-H14) -> 0.056245049 | J14: =(1+(I14))^(1/3)-1 -> 0.018407437 | K14: =+(J14+1)^12-1 -> 0.24468296 | L14: VF AÑO 1
A15: =1+A14 -> 4 | B15: =+F14 -> 3.0564033e+08 | C15: =+B15*J15 -> 5626055.1 | D15: =+D14 -> 5362111.1 | E15: =+C15+D15 -> 10988166 | F15: =+B15-D15 -> 3.0027822e+08 | G15: =+$C$8 -> 0.053 | H15: =((G15+$C$6)/4) -> 0.05325 | I15: =+H15/(1-H15) -> 0.056245049 | J15: =(1+(I15))^(1/3)-1 -> 0.018407437 | K15: =+(J15+1)^12-1 -> 0.24468296 | L15: =(1+K22)*L13 -> 1.4306637e+08
A16: =1+A15 -> 5 | B16: =+F15 -> 3.0027822e+08 | C16: =+B16*J16 -> 5527352.4 | D16: =+D15 -> 5362111.1 | E16: =+C16+D16 -> 10889464 | F16: =+B16-D16 -> 2.9491611e+08 | G16: =+$C$8 -> 0.053 | H16: =((G16+$C$6)/4) -> 0.05325 | I16: =+H16/(1-H16) -> 0.056245049 | J16: =(1+(I16))^(1/3)-1 -> 0.018407437 | K16: =+(J16+1)^12-1 -> 0.24468296
A17: =1+A16 -> 6 | B17: =+F16 -> 2.9491611e+08 | C17: =+B17*J17 -> 5428649.7 | D17: =+D16 -> 5362111.1 | E17: =+C17+D17 -> 10790761 | F17: =+B17-D17 -> 2.89554e+08 | G17: =+$C$8 -> 0.053 | H17: =((G17+$C$6)/4) -> 0.05325 | I17: =+H17/(1-H17) -> 0.056245049 | J17: =(1+(I17))^(1/3)-1 -> 0.018407437 | K17: =+(J17+1)^12-1 -> 0.24468296
A18: =1+A17 -> 7 | B18: =+F17 -> 2.89554e+08 | C18: =+B18*J18 -> 5329947 | D18: =+D17 -> 5362111.1 | E18: =+C18+D18 -> 10692058 | F18: =+B18-D18 -> 2.8419189e+08 | G18: =+$C$8 -> 0.053 | H18: =((G18+$C$6)/4) -> 0.05325 | I18: =+H18/(1-H18) -> 0.056245049 | J18: =(1+(I18))^(1/3)-1 -> 0.018407437 | K18: =+(J18+1)^12-1 -> 0.24468296
A19: =1+A18 -> 8 | B19: =+F18 -> 2.8419189e+08 | C19: =+B19*J19 -> 5231244.3 | D19: =+D18 -> 5362111.1 | E19: =+C19+D19 -> 10593355 | F19: =+B19-D19 -> 2.7882978e+08 | G19: =+$C$8 -> 0.053 | H19: =((G19+$C$6)/4) -> 0.05325 | I19: =+H19/(1-H19) -> 0.056245049 | J19: =(1+(I19))^(1/3)-1 -> 0.018407437 | K19: =+(J19+1)^12-1 -> 0.24468296
A20: =1+A19 -> 9 | B20: =+F19 -> 2.7882978e+08 | C20: =+B20*J20 -> 5132541.5 | D20: =+D19 -> 5362111.1 | E20: =+C20+D20 -> 10494653 | F20: =+B20-D20 -> 2.7346767e+08 | G20: =+$C$8 -> 0.053 | H20: =((G20+$C$6)/4) -> 0.05325 | I20: =+H20/(1-H20) -> 0.056245049 | J20: =(1+(I20))^(1/3)-1 -> 0.018407437 | K20: =+(J20+1)^12-1 -> 0.24468296
A21: =1+A20 -> 10 | B21: =+F20 -> 2.7346767e+08 | C21: =+B21*J21 -> 5033838.8 | D21: =+D20 -> 5362111.1 | E21: =+C21+D21 -> 10395950 | F21: =+B21-D21 -> 2.6810556e+08 | G21: =+$C$8 -> 0.053 | H21: =((G21+$C$6)/4) -> 0.05325 | I21: =+H21/(1-H21) -> 0.056245049 | J21: =(1+(I21))^(1/3)-1 -> 0.018407437 | K21: =+(J21+1)^12-1 -> 0.24468296
A22: =1+A21 -> 11 | B22: =+F21 -> 2.6810556e+08 | C22: =+B22*J22 -> 4935136.1 | D22: =+D21 -> 5362111.1 | E22: =+C22+D22 -> 10297247 | F22: =+B22-D22 -> 2.6274344e+08 | G22: =+$C$8 -> 0.053 | H22: =((G22+$C$6)/4) -> 0.05325 | I22: =+H22/(1-H22) -> 0.056245049 | J22: =(1+(I22))^(1/3)-1 -> 0.018407437 | K22: =+(J22+1)^12-1 -> 0.24468296
A23: =1+A22 -> 12 | B23: =+F22 -> 2.6274344e+08 | C23: =+B23*J23 -> 4836433.4 | D23: =+D22 -> 5362111.1 | E23: =+C23+D23 -> 10198544 | F23: =+B23-D23 -> 2.5738133e+08 | G23: =+$C$8 -> 0.053 | H23: =((G23+$C$6)/4) -> 0.05325 | I23: =+H23/(1-H23) -> 0.056245049 | J23: =(1+(I23))^(1/3)-1 -> 0.018407437 | K23: =+(J23+1)^12-1 -> 0.24468296 | M23: =SUM(C12:C23) -> 64551580 | N23: =SUM(D12:D23) -> 64345333
A24: =1+A23 -> 13 | B24: =+F23 -> 2.5738133e+08 | C24: =+B24*J24 -> 4714662.9 | D24: =+D23 -> 5362111.1 | E24: =+C24+D24 -> 10076774 | F24: =+B24-D24 -> 2.5201922e+08 | G24: =+$D$8 -> 0.052 | H24: =((G24+$C$6)/4) -> 0.053 | I24: =+H24/(1-H24) -> 0.055966209 | J24: =(1+(I24))^(1/3)-1 -> 0.018317812 | K24: =+(J24+1)^12-1 -> 0.24336914 | L24: VPN AÑO 2
A25: =1+A24 -> 14 | B25: =+F24 -> 2.5201922e+08 | C25: =+B25*J25 -> 4616440.7 | D25: =+D24 -> 5362111.1 | E25: =+C25+D25 -> 9978551.8 | F25: =+B25-D25 -> 2.4665711e+08 | G25: =+$D$8 -> 0.052 | H25: =((G25+$C$6)/4) -> 0.053 | I25: =+H25/(1-H25) -> 0.055966209 | J25: =(1+(I25))^(1/3)-1 -> 0.018317812 | K25: =+(J25+1)^12-1 -> 0.24336914 | L25: =NPV(J35,E24:E35) -> 1.0212897e+08
A26: =1+A25 -> 15 | B26: =+F25 -> 2.4665711e+08 | C26: =+B26*J26 -> 4518218.6 | D26: =+D25 -> 5362111.1 | E26: =+C26+D26 -> 9880329.7 | F26: =+B26-D26 -> 2.41295e+08 | G26: =+$D$8 -> 0.052 | H26: =((G26+$C$6)/4) -> 0.053 | I26: =+H26/(1-H26) -> 0.055966209 | J26: =(1+(I26))^(1/3)-1 -> 0.018317812 | K26: =+(J26+1)^12-1 -> 0.24336914 | L26: VF AÑO 2
A27: =1+A26 -> 16 | B27: =+F26 -> 2.41295e+08 | C27: =+B27*J27 -> 4419996.4 | D27: =+D26 -> 5362111.1 | E27: =+C27+D27 -> 9782107.6 | F27: =+B27-D27 -> 2.3593289e+08 | G27: =+$D$8 -> 0.052 | H27: =((G27+$C$6)/4) -> 0.053 | I27: =+H27/(1-H27) -> 0.055966209 | J27: =(1+(I27))^(1/3)-1 -> 0.018317812 | K27: =+(J27+1)^12-1 -> 0.24336914 | L27: =(1+K34)*L25 -> 1.2698401e+08
A28: =1+A27 -> 17 | B28: =+F27 -> 2.3593289e+08 | C28: =+B28*J28 -> 4321774.3 | D28: =+D27 -> 5362111.1 | E28: =+C28+D28 -> 9683885.4 | F28: =+B28-D28 -> 2.3057078e+08 | G28: =+$D$8 -> 0.052 | H28: =((G28+$C$6)/4) -> 0.053 | I28: =+H28/(1-H28) -> 0.055966209 | J28: =(1+(I28))^(1/3)-1 -> 0.018317812 | K28: =+(J28+1)^12-1 -> 0.24336914
A29: =1+A28 -> 18 | B29: =+F28 -> 2.3057078e+08 | C29: =+B29*J29 -> 4223552.2 | D29: =+D28 -> 5362111.1 | E29: =+C29+D29 -> 9585663.3 | F29: =+B29-D29 -> 2.2520867e+08 | G29: =+$D$8 -> 0.052 | H29: =((G29+$C$6)/4) -> 0.053 | I29: =+H29/(1-H29) -> 0.055966209 | J29: =(1+(I29))^(1/3)-1 -> 0.018317812 | K29: =+(J29+1)^12-1 -> 0.24336914
A30: =1+A29 -> 19 | B30: =+F29 -> 2.2520867e+08 | C30: =+B30*J30 -> 4125330 | D30: =+D29 -> 5362111.1 | E30: =+C30+D30 -> 9487441.1 | F30: =+B30-D30 -> 2.1984656e+08 | G30: =+$D$8 -> 0.052 | H30: =((G30+$C$6)/4) -> 0.053 | I30: =+H30/(1-H30) -> 0.055966209 | J30: =(1+(I30))^(1/3)-1 -> 0.018317812 | K30: =+(J30+1)^12-1 -> 0.24336914
A31: =1+A30 -> 20 | B31: =+F30 -> 2.1984656e+08 | C31: =+B31*J31 -> 4027107.9 | D31: =+D30 -> 5362111.1 | E31: =+C31+D31 -> 9389219 | F31: =+B31-D31 -> 2.1448444e+08 | G31: =+$D$8 -> 0.052 | H31: =((G31+$C$6)/4) -> 0.053 | I31: =+H31/(1-H31) -> 0.055966209 | J31: =(1+(I31))^(1/3)-1 -> 0.018317812 | K31: =+(J31+1)^12-1 -> 0.24336914
A32: =1+A31 -> 21 | B32: =+F31 -> 2.1448444e+08 | C32: =+B32*J32 -> 3928885.7 | D32: =+D31 -> 5362111.1 | E32: =+C32+D32 -> 9290996.8 | F32: =+B32-D32 -> 2.0912233e+08 | G32: =+$D$8 -> 0.052 | H32: =((G32+$C$6)/4) -> 0.053 | I32: =+H32/(1-H32) -> 0.055966209 | J32: =(1+(I32))^(1/3)-1 -> 0.018317812 | K32: =+(J32+1)^12-1 -> 0.24336914
A33: =1+A32 -> 22 | B33: =+F32 -> 2.0912233e+08 | C33: =+B33*J33 -> 3830663.6 | D33: =+D32 -> 5362111.1 | E33: =+C33+D33 -> 9192774.7 | F33: =+B33-D33 -> 2.0376022e+08 | G33: =+$D$8 -> 0.052 | H33: =((G33+$C$6)/4) -> 0.053 | I33: =+H33/(1-H33) -> 0.055966209 | J33: =(1+(I33))^(1/3)-1 -> 0.018317812 | K33: =+(J33+1)^12-1 -> 0.24336914
A34: =1+A33 -> 23 | B34: =+F33 -> 2.0376022e+08 | C34: =+B34*J34 -> 3732441.4 | D34: =+D33 -> 5362111.1 | E34: =+C34+D34 -> 9094552.6 | F34: =+B34-D34 -> 1.9839811e+08 | G34: =+$D$8 -> 0.052 | H34: =((G34+$C$6)/4) -> 0.053 | I34: =+H34/(1-H34) -> 0.055966209 | J34: =(1+(I34))^(1/3)-1 -> 0.018317812 | K34: =+(J34+1)^12-1 -> 0.24336914
A35: =1+A34 -> 24 | B35: =+F34 -> 1.9839811e+08 | C35: =+B35*J35 -> 3634219.3 | D35: =+D34 -> 5362111.1 | E35: =+C35+D35 -> 8996330.4 | F35: =+B35-D35 -> 1.93036e+08 | G35: =+$D$8 -> 0.052 | H35: =((G35+$C$6)/4) -> 0.053 | I35: =+H35/(1-H35) -> 0.055966209 | J35: =(1+(I35))^(1/3)-1 -> 0.018317812 | K35: =+(J35+1)^12-1 -> 0.24336914 | M35: =SUM(C24:C35) -> 50093293 | N35: =SUM(D24:D35) -> 64345333
A36: =1+A35 -> 25 | B36: =+F35 -> 1.93036e+08 | C36: =+B36*J36 -> 3466854.7 | D36: =+D35 -> 5362111.1 | E36: =+C36+D36 -> 8828965.8 | F36: =+B36-D36 -> 1.8767389e+08 | G36: =+$E$8 -> 0.048 | H36: =((G36+$C$6)/4) -> 0.052 | I36: =+H36/(1-H36) -> 0.054852321 | J36: =(1+(I36))^(1/3)-1 -> 0.017959628 | K36: =+(J36+1)^12-1 -> 0.23813115 | L36: VPN AÑO 3
A37: =1+A36 -> 26 | B37: =+F36 -> 1.8767389e+08 | C37: =+B37*J37 -> 3370553.2 | D37: =+D36 -> 5362111.1 | E37: =+C37+D37 -> 8732664.3 | F37: =+B37-D37 -> 1.8231178e+08 | G37: =+$E$8 -> 0.048 | H37: =((G37+$C$6)/4) -> 0.052 | I37: =+H37/(1-H37) -> 0.054852321 | J37: =(1+(I37))^(1/3)-1 -> 0.017959628 | K37: =+(J37+1)^12-1 -> 0.23813115 | L37: =NPV(J47,E36:E47) -> 89096553
A38: =1+A37 -> 27 | B38: =+F37 -> 1.8231178e+08 | C38: =+B38*J38 -> 3274251.7 | D38: =+D37 -> 5362111.1 | E38: =+C38+D38 -> 8636362.8 | F38: =+B38-D38 -> 1.7694967e+08 | G38: =+$E$8 -> 0.048 | H38: =((G38+$C$6)/4) -> 0.052 | I38: =+H38/(1-H38) -> 0.054852321 | J38: =(1+(I38))^(1/3)-1 -> 0.017959628 | K38: =+(J38+1)^12-1 -> 0.23813115 | L38: VF AÑO 3
A39: =1+A38 -> 28 | B39: =+F38 -> 1.7694967e+08 | C39: =+B39*J39 -> 3177950.1 | D39: =+D38 -> 5362111.1 | E39: =+C39+D39 -> 8540061.2 | F39: =+B39-D39 -> 1.7158756e+08 | G39: =+$E$8 -> 0.048 | H39: =((G39+$C$6)/4) -> 0.052 | I39: =+H39/(1-H39) -> 0.054852321 | J39: =(1+(I39))^(1/3)-1 -> 0.017959628 | K39: =+(J39+1)^12-1 -> 0.23813115 | L39: =(1+K46)*L37 -> 1.1031322e+08
A40: =1+A39 -> 29 | B40: =+F39 -> 1.7158756e+08 | C40: =+B40*J40 -> 3081648.6 | D40: =+D39 -> 5362111.1 | E40: =+C40+D40 -> 8443759.7 | F40: =+B40-D40 -> 1.6622544e+08 | G40: =+$E$8 -> 0.048 | H40: =((G40+$C$6)/4) -> 0.052 | I40: =+H40/(1-H40) -> 0.054852321 | J40: =(1+(I40))^(1/3)-1 -> 0.017959628 | K40: =+(J40+1)^12-1 -> 0.23813115
A41: =1+A40 -> 30 | B41: =+F40 -> 1.6622544e+08 | C41: =+B41*J41 -> 2985347.1 | D41: =+D40 -> 5362111.1 | E41: =+C41+D41 -> 8347458.2 | F41: =+B41-D41 -> 1.6086333e+08 | G41: =+$E$8 -> 0.048 | H41: =((G41+$C$6)/4) -> 0.052 | I41: =+H41/(1-H41) -> 0.054852321 | J41: =(1+(I41))^(1/3)-1 -> 0.017959628 | K41: =+(J41+1)^12-1 -> 0.23813115
A42: =1+A41 -> 31 | B42: =+F41 -> 1.6086333e+08 | C42: =+B42*J42 -> 2889045.6 | D42: =+D41 -> 5362111.1 | E42: =+C42+D42 -> 8251156.7 | F42: =+B42-D42 -> 1.5550122e+08 | G42: =+$E$8 -> 0.048 | H42: =((G42+$C$6)/4) -> 0.052 | I42: =+H42/(1-H42) -> 0.054852321 | J42: =(1+(I42))^(1/3)-1 -> 0.017959628 | K42: =+(J42+1)^12-1 -> 0.23813115
A43: =1+A42 -> 32 | B43: =+F42 -> 1.5550122e+08 | C43: =+B43*J43 -> 2792744.1 | D43: =+D42 -> 5362111.1 | E43: =+C43+D43 -> 8154855.2 | F43: =+B43-D43 -> 1.5013911e+08 | G43: =+$E$8 -> 0.048 | H43: =((G43+$C$6)/4) -> 0.052 | I43: =+H43/(1-H43) -> 0.054852321 | J43: =(1+(I43))^(1/3)-1 -> 0.017959628 | K43: =+(J43+1)^12-1 -> 0.23813115
A44: =1+A43 -> 33 | B44: =+F43 -> 1.5013911e+08 | C44: =+B44*J44 -> 2696442.5 | D44: =+D43 -> 5362111.1 | E44: =+C44+D44 -> 8058553.7 | F44: =+B44-D44 -> 1.44777e+08 | G44: =+$E$8 -> 0.048 | H44: =((G44+$C$6)/4) -> 0.052 | I44: =+H44/(1-H44) -> 0.054852321 | J44: =(1+(I44))^(1/3)-1 -> 0.017959628 | K44: =+(J44+1)^12-1 -> 0.23813115
A45: =1+A44 -> 34 | B45: =+F44 -> 1.44777e+08 | C45: =+B45*J45 -> 2600141 | D45: =+D44 -> 5362111.1 | E45: =+C45+D45 -> 7962252.1 | F45: =+B45-D45 -> 1.3941489e+08 | G45: =+$E$8 -> 0.048 | H45: =((G45+$C$6)/4) -> 0.052 | I45: =+H45/(1-H45) -> 0.054852321 | J45: =(1+(I45))^(1/3)-1 -> 0.017959628 | K45: =+(J45+1)^12-1 -> 0.23813115
A46: =1+A45 -> 35 | B46: =+F45 -> 1.3941489e+08 | C46: =+B46*J46 -> 2503839.5 | D46: =+D45 -> 5362111.1 | E46: =+C46+D46 -> 7865950.6 | F46: =+B46-D46 -> 1.3405278e+08 | G46: =+$E$8 -> 0.048 | H46: =((G46+$C$6)/4) -> 0.052 | I46: =+H46/(1-H46) -> 0.054852321 | J46: =(1+(I46))^(1/3)-1 -> 0.017959628 | K46: =+(J46+1)^12-1 -> 0.23813115 | M46: =SUM(C36:C47) -> 35246356 | N46: =SUM(D36:D47) -> 64345333
A47: =1+A46 -> 36 | B47: =+F46 -> 1.3405278e+08 | C47: =+B47*J47 -> 2407538 | D47: =+D46 -> 5362111.1 | E47: =+C47+D47 -> 7769649.1 | F47: =+B47-D47 -> 1.2869067e+08 | G47: =+$E$8 -> 0.048 | H47: =((G47+$C$6)/4) -> 0.052 | I47: =+H47/(1-H47) -> 0.054852321 | J47: =(1+(I47))^(1/3)-1 -> 0.017959628 | K47: =+(J47+1)^12-1 -> 0.23813115 | L47: VPN AÑO 4
A48: =1+A47 -> 37 | B48: =+F47 -> 1.2869067e+08 | C48: =+B48*J48 -> 2334275.8 | D48: =+D47 -> 5362111.1 | E48: =+C48+D48 -> 7696387 | F48: =+B48-D48 -> 1.2332856e+08 | G48: =+$F$8 -> 0.05 | H48: =((G48+$C$6)/4) -> 0.0525 | I48: =+H48/(1-H48) -> 0.055408971 | J48: =(1+(I48))^(1/3)-1 -> 0.018138657 | K48: =+(J48+1)^12-1 -> 0.24074669 | L48: =NPV(J58,E47:E58) -> 77847356
A49: =1+A48 -> 38 | B49: =+F48 -> 1.2332856e+08 | C49: =+B49*J49 -> 2237014.3 | D49: =+D48 -> 5362111.1 | E49: =+C49+D49 -> 7599125.5 | F49: =+B49-D49 -> 1.1796644e+08 | G49: =+$F$8 -> 0.05 | H49: =((G49+$C$6)/4) -> 0.0525 | I49: =+H49/(1-H49) -> 0.055408971 | J49: =(1+(I49))^(1/3)-1 -> 0.018138657 | K49: =+(J49+1)^12-1 -> 0.24074669 | L49: VF AÑO 4
A50: =1+A49 -> 39 | B50: =+F49 -> 1.1796644e+08 | C50: =+B50*J50 -> 2139752.9 | D50: =+D49 -> 5362111.1 | E50: =+C50+D50 -> 7501864 | F50: =+B50-D50 -> 1.1260433e+08 | G50: =+$F$8 -> 0.05 | H50: =((G50+$C$6)/4) -> 0.0525 | I50: =+H50/(1-H50) -> 0.055408971 | J50: =(1+(I50))^(1/3)-1 -> 0.018138657 | K50: =+(J50+1)^12-1 -> 0.24074669 | L50: =(1+K57)*L48 -> 96588849
A51: =1+A50 -> 40 | B51: =+F50 -> 1.1260433e+08 | C51: =+B51*J51 -> 2042491.4 | D51: =+D50 -> 5362111.1 | E51: =+C51+D51 -> 7404602.5 | F51: =+B51-D51 -> 1.0724222e+08 | G51: =+$F$8 -> 0.05 | H51: =((G51+$C$6)/4) -> 0.0525 | I51: =+H51/(1-H51) -> 0.055408971 | J51: =(1+(I51))^(1/3)-1 -> 0.018138657 | K51: =+(J51+1)^12-1 -> 0.24074669
A52: =1+A51 -> 41 | B52: =+F51 -> 1.0724222e+08 | C52: =+B52*J52 -> 1945229.9 | D52: =+D51 -> 5362111.1 | E52: =+C52+D52 -> 7307341 | F52: =+B52-D52 -> 1.0188011e+08 | G52: =+$F$8 -> 0.05 | H52: =((G52+$C$6)/4) -> 0.0525 | I52: =+H52/(1-H52) -> 0.055408971 | J52: =(1+(I52))^(1/3)-1 -> 0.018138657 | K52: =+(J52+1)^12-1 -> 0.24074669
A53: =1+A52 -> 42 | B53: =+F52 -> 1.0188011e+08 | C53: =+B53*J53 -> 1847968.4 | D53: =+D52 -> 5362111.1 | E53: =+C53+D53 -> 7210079.5 | F53: =+B53-D53 -> 96518000 | G53: =+$F$8 -> 0.05 | H53: =((G53+$C$6)/4) -> 0.0525 | I53: =+H53/(1-H53) -> 0.055408971 | J53: =(1+(I53))^(1/3)-1 -> 0.018138657 | K53: =+(J53+1)^12-1 -> 0.24074669
A54: =1+A53 -> 43 | B54: =+F53 -> 96518000 | C54: =+B54*J54 -> 1750706.9 | D54: =+D53 -> 5362111.1 | E54: =+C54+D54 -> 7112818 | F54: =+B54-D54 -> 91155889 | G54: =+$F$8 -> 0.05 | H54: =((G54+$C$6)/4) -> 0.0525 | I54: =+H54/(1-H54) -> 0.055408971 | J54: =(1+(I54))^(1/3)-1 -> 0.018138657 | K54: =+(J54+1)^12-1 -> 0.24074669
A55: =1+A54 -> 44 | B55: =+F54 -> 91155889 | C55: =+B55*J55 -> 1653445.4 | D55: =+D54 -> 5362111.1 | E55: =+C55+D55 -> 7015556.5 | F55: =+B55-D55 -> 85793778 | G55: =+$F$8 -> 0.05 | H55: =((G55+$C$6)/4) -> 0.0525 | I55: =+H55/(1-H55) -> 0.055408971 | J55: =(1+(I55))^(1/3)-1 -> 0.018138657 | K55: =+(J55+1)^12-1 -> 0.24074669
A56: =1+A55 -> 45 | B56: =+F55 -> 85793778 | C56: =+B56*J56 -> 1556183.9 | D56: =+D55 -> 5362111.1 | E56: =+C56+D56 -> 6918295 | F56: =+B56-D56 -> 80431667 | G56: =+$F$8 -> 0.05 | H56: =((G56+$C$6)/4) -> 0.0525 | I56: =+H56/(1-H56) -> 0.055408971 | J56: =(1+(I56))^(1/3)-1 -> 0.018138657 | K56: =+(J56+1)^12-1 -> 0.24074669
A57: =1+A56 -> 46 | B57: =+F56 -> 80431667 | C57: =+B57*J57 -> 1458922.4 | D57: =+D56 -> 5362111.1 | E57: =+C57+D57 -> 6821033.5 | F57: =+B57-D57 -> 75069556 | G57: =+$F$8 -> 0.05 | H57: =((G57+$C$6)/4) -> 0.0525 | I57: =+H57/(1-H57) -> 0.055408971 | J57: =(1+(I57))^(1/3)-1 -> 0.018138657 | K57: =+(J57+1)^12-1 -> 0.24074669
A58: =1+A57 -> 47 | B58: =+F57 -> 75069556 | C58: =+B58*J58 -> 1361660.9 | D58: =+D57 -> 5362111.1 | E58: =+C58+D58 -> 6723772 | F58: =+B58-D58 -> 69707444 | G58: =+$F$8 -> 0.05 | H58: =((G58+$C$6)/4) -> 0.0525 | I58: =+H58/(1-H58) -> 0.055408971 | J58: =(1+(I58))^(1/3)-1 -> 0.018138657 | K58: =+(J58+1)^12-1 -> 0.24074669 | M58: =SUM(C48:C59) -> 21592052 | N58: =SUM(D48:D59) -> 64345333
A59: =1+A58 -> 48 | B59: =+F58 -> 69707444 | C59: =+B59*J59 -> 1264399.4 | D59: =+D58 -> 5362111.1 | E59: =+C59+D59 -> 6626510.5 | F59: =+B59-D59 -> 64345333 | G59: =+$F$8 -> 0.05 | H59: =((G59+$C$6)/4) -> 0.0525 | I59: =+H59/(1-H59) -> 0.055408971 | J59: =(1+(I59))^(1/3)-1 -> 0.018138657 | K59: =+(J59+1)^12-1 -> 0.24074669 | L59: VPN AÑO 5
A60: =1+A59 -> 49 | B60: =+F59 -> 64345333 | C60: =+B60*J60 -> 1184432.7 | D60: =+D59 -> 5362111.1 | E60: =+C60+D60 -> 6546543.8 | F60: =+B60-D60 -> 58983222 | G60: =+$G$8 -> 0.053 | H60: =((G60+$C$6)/4) -> 0.05325 | I60: =+H60/(1-H60) -> 0.056245049 | J60: =(1+(I60))^(1/3)-1 -> 0.018407437 | K60: =+(J60+1)^12-1 -> 0.24468296 | L60: =NPV(J70,E59:E70) -> 65381034
A61: =1+A60 -> 50 | B61: =+F60 -> 58983222 | C61: =+B61*J61 -> 1085729.9 | D61: =+D60 -> 5362111.1 | E61: =+C61+D61 -> 6447841.1 | F61: =+B61-D61 -> 53621111 | G61: =+$G$8 -> 0.053 | H61: =((G61+$C$6)/4) -> 0.05325 | I61: =+H61/(1-H61) -> 0.056245049 | J61: =(1+(I61))^(1/3)-1 -> 0.018407437 | K61: =+(J61+1)^12-1 -> 0.24468296 | L61: VF AÑO 5
A62: =1+A61 -> 51 | B62: =+F61 -> 53621111 | C62: =+B62*J62 -> 987027.22 | D62: =+D61 -> 5362111.1 | E62: =+C62+D62 -> 6349138.3 | F62: =+B62-D62 -> 48259000 | G62: =+$G$8 -> 0.053 | H62: =((G62+$C$6)/4) -> 0.05325 | I62: =+H62/(1-H62) -> 0.056245049 | J62: =(1+(I62))^(1/3)-1 -> 0.018407437 | K62: =+(J62+1)^12-1 -> 0.24468296 | L62: =(1+K69)*L60 -> 81378659
A63: =1+A62 -> 52 | B63: =+F62 -> 48259000 | C63: =+B63*J63 -> 888324.5 | D63: =+D62 -> 5362111.1 | E63: =+C63+D63 -> 6250435.6 | F63: =+B63-D63 -> 42896889 | G63: =+$G$8 -> 0.053 | H63: =((G63+$C$6)/4) -> 0.05325 | I63: =+H63/(1-H63) -> 0.056245049 | J63: =(1+(I63))^(1/3)-1 -> 0.018407437 | K63: =+(J63+1)^12-1 -> 0.24468296
A64: =1+A63 -> 53 | B64: =+F63 -> 42896889 | C64: =+B64*J64 -> 789621.77 | D64: =+D63 -> 5362111.1 | E64: =+C64+D64 -> 6151732.9 | F64: =+B64-D64 -> 37534778 | G64: =+$G$8 -> 0.053 | H64: =((G64+$C$6)/4) -> 0.05325 | I64: =+H64/(1-H64) -> 0.056245049 | J64: =(1+(I64))^(1/3)-1 -> 0.018407437 | K64: =+(J64+1)^12-1 -> 0.24468296
A65: =1+A64 -> 54 | B65: =+F64 -> 37534778 | C65: =+B65*J65 -> 690919.05 | D65: =+D64 -> 5362111.1 | E65: =+C65+D65 -> 6053030.2 | F65: =+B65-D65 -> 32172667 | G65: =+$G$8 -> 0.053 | H65: =((G65+$C$6)/4) -> 0.05325 | I65: =+H65/(1-H65) -> 0.056245049 | J65: =(1+(I65))^(1/3)-1 -> 0.018407437 | K65: =+(J65+1)^12-1 -> 0.24468296
A66: =1+A65 -> 55 | B66: =+F65 -> 32172667 | C66: =+B66*J66 -> 592216.33 | D66: =+D65 -> 5362111.1 | E66: =+C66+D66 -> 5954327.4 | F66: =+B66-D66 -> 26810556 | G66: =+$G$8 -> 0.053 | H66: =((G66+$C$6)/4) -> 0.05325 | I66: =+H66/(1-H66) -> 0.056245049 | J66: =(1+(I66))^(1/3)-1 -> 0.018407437 | K66: =+(J66+1)^12-1 -> 0.24468296
A67: =1+A66 -> 56 | B67: =+F66 -> 26810556 | C67: =+B67*J67 -> 493513.61 | D67: =+D66 -> 5362111.1 | E67: =+C67+D67 -> 5855624.7 | F67: =+B67-D67 -> 21448444 | G67: =+$G$8 -> 0.053 | H67: =((G67+$C$6)/4) -> 0.05325 | I67: =+H67/(1-H67) -> 0.056245049 | J67: =(1+(I67))^(1/3)-1 -> 0.018407437 | K67: =+(J67+1)^12-1 -> 0.24468296
A68: =1+A67 -> 57 | B68: =+F67 -> 21448444 | C68: =+B68*J68 -> 394810.89 | D68: =+D67 -> 5362111.1 | E68: =+C68+D68 -> 5756922 | F68: =+B68-D68 -> 16086333 | G68: =+$G$8 -> 0.053 | H68: =((G68+$C$6)/4) -> 0.05325 | I68: =+H68/(1-H68) -> 0.056245049 | J68: =(1+(I68))^(1/3)-1 -> 0.018407437 | K68: =+(J68+1)^12-1 -> 0.24468296
A69: =1+A68 -> 58 | B69: =+F68 -> 16086333 | C69: =+B69*J69 -> 296108.17 | D69: =+D68 -> 5362111.1 | E69: =+C69+D69 -> 5658219.3 | F69: =+B69-D69 -> 10724222 | G69: =+$G$8 -> 0.053 | H69: =((G69+$C$6)/4) -> 0.05325 | I69: =+H69/(1-H69) -> 0.056245049 | J69: =(1+(I69))^(1/3)-1 -> 0.018407437 | K69: =+(J69+1)^12-1 -> 0.24468296
A70: =1+A69 -> 59 | B70: =+F69 -> 10724222 | C70: =+B70*J70 -> 197405.44 | D70: =+D69 -> 5362111.1 | E70: =+C70+D70 -> 5559516.6 | F70: =+B70-D70 -> 5362111.1 | G70: =+$G$8 -> 0.053 | H70: =((G70+$C$6)/4) -> 0.05325 | I70: =+H70/(1-H70) -> 0.056245049 | J70: =(1+(I70))^(1/3)-1 -> 0.018407437 | K70: =+(J70+1)^12-1 -> 0.24468296
A71: =1+A70 -> 60 | B71: =+F70 -> 5362111.1 | C71: =+B71*J71 -> 98702.722 | D71: =+D70 -> 5362111.1 | E71: =+C71+D71 -> 5460813.8 | F71: =+B71-D71 -> 3.2223761e-07 | G71: =+$G$8 -> 0.053 | H71: =((G71+$C$6)/4) -> 0.05325 | I71: =+H71/(1-H71) -> 0.056245049 | J71: =(1+(I71))^(1/3)-1 -> 0.018407437 | K71: =+(J71+1)^12-1 -> 0.24468296 | M71: =SUM(C60:C71) -> 7698812.3 | N71: =SUM(D60:D71) -> 64345333
A72: TOTAL | C72: =SUM(C12:C71) -> 1.7918209e+08 | D72: =SUM(D12:D71) -> 3.2172667e+08
D73: =+D72-C3 -> 0 | L73: Interses= | M73: =SUM(M23:M71) -> 1.7918209e+08 | N73: =SUM(N23:N71) -> 3.2172667e+08
C74: =+C72-M73 -> 0 | D74: =+D72-N73 -> 0

Sheet 10. GAO.GAF
A3: EQUIPOS DE AUDIOLOGÍA
A4: APALANCAMIENTO OPERATIVO Y FINANCIERO
B6: CLASIFICACIÓN COSTOS FIJO Y COSTO VARIABLE TOTAL Y UNITARIO | H6: VALORES FORMULADOS
B7: EQUIPOS DE AUDIOLOGÍA | D7: Audiómetros | E7: Impedanciómetros | F7: Equipos OAE ABR | H7: EQUIPOS DE AUDIOLOGÍA | J7: Audiómetros | K7: Impedanciómetros | L7: OAE
B8: COSTOS FIJOS % | D8: =J8 -> 0.42510628 | E8: 0 | F8: 0 | H8: COSTOS FIJOS % | J8: =+('4. COSTOS'!D25/'4. COSTOS'!$D$30) -> 0.42510628 | K8: =+'4. COSTOS'!D26/'4. COSTOS'!$D$30 -> 0.1747937 | L8: =+'4. COSTOS'!D27/'4. COSTOS'!$D$30 -> 0.40010003
B9: VALOR COSTOS FIJOS | D9: =J9 -> 95193965 | E9: 0 | F9: 0 | H9: VALOR COSTOS FIJOS | J9: =+('4. COSTOS'!$B$119+'4. COSTOS'!$B$126)*'10. GAO.GAF'!J8 -> 95193965 | K9: =+('4. COSTOS'!$B$119+'4. COSTOS'!$B$126)*'10. GAO.GAF'!K8 -> 39141519 | L9: =+('4. COSTOS'!$B$119+'4. COSTOS'!$B$126)*'10. GAO.GAF'!L8 -> 89594320
B10: COSTOS VARIABLES TOTALES | D10: =J10 -> 1.0691036e+09 | E10: 0 | F10: 0 | H10: COSTOS VARIABLES TOTALES | J10: =+'4. COSTOS'!$B$98*'10. GAO.GAF'!J8 -> 1.0691036e+09 | K10: =+'4. COSTOS'!$B$98*'10. GAO.GAF'!K8 -> 4.3959025e+08 | L10: =+'4. COSTOS'!$B$98*'10. GAO.GAF'!L8 -> 1.0062152e+09
B11: COSTO TOTAL | D11: =J11 -> 1.1642976e+09 | E11: 0 | F11: 0 | H11: COSTO TOTAL | J11: =+J9+J10 -> 1.1642976e+09 | K11: =+K9+K10 -> 4.7873176e+08 | L11: =+L9+L10 -> 1.0958095e+09
B12: CANTIDAD VENTAS | D12: 120 | E12: 0 | F12: 0 | H12: CANTIDAD VENTAS | J12: =+'4. COSTOS'!C25*12 -> 120 | K12: =+'4. COSTOS'!C26*12 -> 36 | L12: =+'4. COSTOS'!C27*12 -> 24
B13: COSTO VARIABLE UNITARIO | D13: =J13 -> 8909196.7 | H13: COSTO VARIABLE UNITARIO | J13: =+J10/J12 -> 8909196.7 | K13: =+K10/K12 -> 12210840 | L13: =+L10/L12 -> 41925631
B14: COSTO UNITARIO TOTAL | D14: =J14 -> 9702479.7 | H14: COSTO UNITARIO TOTAL | J14: =+J11/J12 -> 9702479.7 | K14: =+K11/K12 -> 13298105 | L14: =+L11/L12 -> 45658728
B15: PRECIO VENTA | D15: =J15 -> 13583472 | H15: PRECIO VENTA | J15: =+J14*(1+'3, INVENTARIO'!D13) -> 13583472 | K15: =+K14*(1+'3, INVENTARIO'!E13) -> 13298105 | L15: =+L14*(1+'3, INVENTARIO'!F13) -> 45658728
B16: Control Costo total | D16: =+D11-'4. COSTOS'!B132 -> -1.5745412e+09 | H16: Control Costo total | J16: =+J11-'4. COSTOS'!B132 -> -1.5745412e+09
B18: PUNTO DE EQUILIBRIO
A19: 1.-Determinar el punto de equilibrio financiero de "AUDIÓMETROS"
B20: Qpe= CF/ (P - cv) | C20: =+D9/(D15-D13) -> 20.365504 | D20: =+J9/(J15-J13) -> 20.365504 | F20: V = C
F21: C= CF+CV
B22: Costo variable unitario | C22: =+D13 -> 8909196.7 | F22: V = CF+CV
B23: Costos fijos anuales | C23: =+D9 -> 95193965 | F23: V= P*Q
B24: Precio por unidad | C24: =+D15 -> 13583472 | F24: P*Q = CF+Cv | H24: CV= Q*Cvu
F25: P*Q = CF+(Q*Cvu)
A26: ANALISIS PARA DIFERENTES ESCENARIOS
A28: CANTIDADES ANUALES | B28: VENTAS | C28: C.V. TOTALES | D28: C. FIJOS | E28: C. TOTALES | F28: UAII | G28: GAO | H28: INTERESES | I28: UAI | J28: IMPUESTOS | K28: U. NETA | L28: GAF | M28: GAT
A29: 0 | B29: =A29*$C$24 -> 0 | C29: =$C$22*A29 -> 0 | D29: =$C$23 -> 95193965 | E29: =C29+D29 -> 95193965 | F29: =B29-E29 -> -95193965 | G29: =+(B29-C29)/(B29-C29-D29) -> 0 | H29: =$B$90 -> 3750000 | I29: =F29-H29 -> -98943965 | J29: =IF(I29>0,(I29*$B$136),0) -> 0 | K29: =I29-J29 -> -98943965 | L29: =+F29/(F29-H29) -> 0.96209976 | M29: =G29*L29 -> 0
A30: 1 | B30: =A30*$C$24 -> 13583472 | C30: =$C$22*A30 -> 8909196.7 | D30: =$C$23 -> 95193965 | E30: =C30+D30 -> 1.0410316e+08 | F30: =B30-E30 -> -90519690 | G30: =+(B30-C30)/(B30-C30-D30) -> -0.051638212 | H30: =$B$90 -> 3750000 | I30: =F30-H30 -> -94269690 | J30: =IF(I30>0,(I30*$B$136),0) -> 0 | K30: =I30-J30 -> -94269690 | L30: =+F30/(F30-H30) -> 0.96022051 | M30: =G30*L30 -> -0.04958407
A31: 5 | B31: =A31*$C$24 -> 67917358 | C31: =$C$22*A31 -> 44545983 | D31: =$C$23 -> 95193965 | E31: =C31+D31 -> 1.3973995e+08 | F31: =B31-E31 -> -71822591 | G31: =+(B31-C31)/(B31-C31-D31) -> -0.32540423 | H31: =$B$90 -> 3750000 | I31: =F31-H31 -> -75572591 | J31: =IF(I31>0,(I31*$B$136),0) -> 0 | K31: =I31-J31 -> -75572591 | L31: =+F31/(F31-H31) -> 0.95037883 | M31: =G31*L31 -> -0.30925729
A32: 10 | B32: =A32*$C$24 -> 1.3583472e+08 | C32: =$C$22*A32 -> 89091967 | D32: =$C$23 -> 95193965 | E32: =C32+D32 -> 1.8428593e+08 | F32: =B32-E32 -> -48451216 | G32: =+(B32-C32)/(B32-C32-D32) -> -0.96473842 | H32: =$B$90 -> 3750000 | I32: =F32-H32 -> -52201216 | J32: =IF(I32>0,(I32*$B$136),0) -> 0 | K32: =I32-J32 -> -52201216 | L32: =+F32/(F32-H32) -> 0.92816259 | M32: =G32*L32 -> -0.89543411
A33: 15 | B33: =A33*$C$24 -> 2.0375207e+08 | C33: =$C$22*A33 -> 1.3363795e+08 | D33: =$C$23 -> 95193965 | E33: =C33+D33 -> 2.2883192e+08 | F33: =B33-E33 -> -25079841 | G33: =+(B33-C33)/(B33-C33-D33) -> -2.7956367 | H33: =$B$90 -> 3750000 | I33: =F33-H33 -> -28829841 | J33: =IF(I33>0,(I33*$B$136),0) -> 0 | K33: =I33-J33 -> -28829841 | L33: =+F33/(F33-H33) -> 0.86992644 | M33: =G33*L33 -> -2.4319983
A34: 20 | B34: =A34*$C$24 -> 2.7166943e+08 | C34: =$C$22*A34 -> 1.7818393e+08 | D34: =$C$23 -> 95193965 | E34: =C34+D34 -> 2.733779e+08 | F34: =B34-E34 -> -1708466.6 | G34: =+(B34-C34)/(B34-C34-D34) -> -54.71895 | H34: =$B$90 -> 3750000 | I34: =F34-H34 -> -5458466.6 | J34: =IF(I34>0,(I34*$B$136),0) -> 0 | K34: =I34-J34 -> -5458466.6 | L34: =+F34/(F34-H34) -> 0.31299387 | M34: =G34*L34 -> -17.126696
A35: 25 | B35: =A35*$C$24 -> 3.3958679e+08 | C35: =$C$22*A35 -> 2.2272992e+08 | D35: =$C$23 -> 95193965 | E35: =C35+D35 -> 3.1792388e+08 | F35: =B35-E35 -> 21662908 | G35: =+(B35-C35)/(B35-C35-D35) -> 5.3943299 | H35: =$B$90 -> 3750000 | I35: =F35-H35 -> 17912908 | J35: =IF(I35>0,(I35*$B$136),0) -> 5553001.5 | K35: =I35-J35 -> 12359907 | L35: =+F35/(F35-H35) -> 1.2093462 | M35: =G35*L35 -> 6.5236126
A36: 30 | B36: =A36*$C$24 -> 4.0750415e+08 | C36: =$C$22*A36 -> 2.672759e+08 | D36: =$C$23 -> 95193965 | E36: =C36+D36 -> 3.6246987e+08 | F36: =B36-E36 -> 45034283 | G36: =+(B36-C36)/(B36-C36-D36) -> 3.1138111 | H36: =$B$90 -> 3750000 | I36: =F36-H36 -> 41284283 | J36: =IF(I36>0,(I36*$B$136),0) -> 12798128 | K36: =I36-J36 -> 28486155 | L36: =+F36/(F36-H36) -> 1.0908336 | M36: =G36*L36 -> 3.3966497
A37: 50 | B37: =A37*$C$24 -> 6.7917358e+08 | C37: =$C$22*A37 -> 4.4545983e+08 | D37: =$C$23 -> 95193965 | E37: =C37+D37 -> 5.406538e+08 | F37: =B37-E37 -> 1.3851978e+08 | G37: =+(B37-C37)/(B37-C37-D37) -> 1.6872229 | H37: =$B$90 -> 3750000 | I37: =F37-H37 -> 1.3476978e+08 | J37: =IF(I37>0,(I37*$B$136),0) -> 41778632 | K37: =I37-J37 -> 92991149 | L37: =+F37/(F37-H37) -> 1.0278252 | M37: =G37*L37 -> 1.7341703
A38: 75 | B38: =A38*$C$24 -> 1.0187604e+09 | C38: =$C$22*A38 -> 6.6818975e+08 | D38: =$C$23 -> 95193965 | E38: =C38+D38 -> 7.6338372e+08 | F38: =B38-E38 -> 2.5537665e+08 | G38: =+(B38-C38)/(B38-C38-D38) -> 1.3727591 | H38: =$B$90 -> 3750000 | I38: =F38-H38 -> 2.5162665e+08 | J38: =IF(I38>0,(I38*$B$136),0) -> 78004263 | K38: =I38-J38 -> 1.7362239e+08 | L38: =+F38/(F38-H38) -> 1.014903 | M38: =G38*L38 -> 1.3932173
A39: 100 | B39: =A39*$C$24 -> 1.3583472e+09 | C39: =$C$22*A39 -> 8.9091967e+08 | D39: =$C$23 -> 95193965 | E39: =C39+D39 -> 9.8611363e+08 | F39: =B39-E39 -> 3.7223353e+08 | G39: =+(B39-C39)/(B39-C39-D39) -> 1.2557372 | H39: =$B$90 -> 3750000 | I39: =F39-H39 -> 3.6848353e+08 | J39: =IF(I39>0,(I39*$B$136),0) -> 1.1422989e+08 | K39: =I39-J39 -> 2.5425363e+08 | L39: =+F39/(F39-H39) -> 1.0101768 | M39: =G39*L39 -> 1.2685167
A40: 120 | B40: =A40*$C$24 -> 1.6300166e+09 | C40: =$C$22*A40 -> 1.0691036e+09 | D40: =$C$23 -> 95193965 | E40: =C40+D40 -> 1.1642976e+09 | F40: =B40-E40 -> 4.6571903e+08 | G40: =+(B40-C40)/(B40-C40-D40) -> 1.2044021 | H40: =$B$90 -> 3750000 | I40: =F40-H40 -> 4.6196903e+08 | J40: =IF(I40>0,(I40*$B$136),0) -> 1.432104e+08 | K40: =I40-J40 -> 3.1875863e+08 | L40: =+F40/(F40-H40) -> 1.0081174 | M40: =G40*L40 -> 1.2141788
... A45: 250 | B45: =A45*$C$24 -> 3.3958679e+09 | C45: =$C$22*A45 -> 2.2272992e+09 | D45: =$C$23 -> 95193965 | E45: =C45+D45 -> 2.3224931e+09 | F45: =B45-E45 -> 1.0733748e+09 | G45: =+(B45-C45)/(B45-C45-D45) -> 1.0886866 | H45: =$B$90 -> 3750000 | I45: =F45-H45 -> 1.0696248e+09 | J45: =IF(I45>0,(I45*$B$136),0) -> 3.3158368e+08 | K45: =I45-J45 -> 7.3804109e+08 | L45: =+F45/(F45-H45) -> 1.0035059 | M45: =G45*L45 -> 1.0925034
A46: =+K90 -> 3649.7698 | B46: =A46*$C$24 -> 4.9576544e+10 | C46: =$C$22*A46 -> 3.2516517e+10 | D46: =$C$23 -> 95193965 | E46: =C46+D46 -> 3.2611711e+10 | F46: =B46-E46 -> 1.6964834e+10 | G46: =+(B46-C46)/(B46-C46-D46) -> 1.0056113 | H46: =$B$90 -> 3750000 | I46: =F46-H46 -> 1.6961084e+10 | J46: =IF(I46>0,(I46*$B$136),0) -> 5.2579359e+09 | K46: =I46-J46 -> 1.1703148e+10 | L46: =+F46/(F46-H46) -> 1.0002211 | M46: =G46*L46 -> 1.0058336
F48: =+'6. ESTADOS FINANCIEROS'!D47-'10. GAO.GAF'!F44 -> -2.5933983e+08 | G48: =+F48/12 -> -21611652 | K48: =+(K45/K41)-1 -> 0.92567477 | O48: =+F41*2 -> 1.1184091e+09
A49: 2. Cuántas unidades se deben producir y vender, si se quieren tener unas utilidades de $50.000.000 por mes | I49: =+(F45/F41)-1 -> 0.91946724 | K49: =+(K43/K40)-1 -> 0.50590783 | O49: 344232027.49 = V-CT
K50: =+(K46/K41)-1 -> 29.535503 | O50: 344232027.49 = (Q*P)-(Cvu*Q)-CF
B51: U = V-CT
A52: UTILIDAD= (P*Q)-(CV unitario*Q)- CF | E52: 50000000 = (1420703*Q)-(980519.51*Q)-(488159358)
A54: PRECIO | B54: =$C$24 -> 13583472 | E54: =5000000+488159358 = Q(1420703-980519.51)
A55: UTILIDAD | B55: =50000000 -> 50000000 | E55: =+B55+B57 -> 1.4519397e+08 | F55: =+B54-B56 -> 4674274.9 | G55: Q
A56: CV. Unit | B56: =$C$22 -> 8909196.7
A57: CF | B57: =$C$23 -> 95193965 | E57: Q= | F57: =+E55/F55 -> 31.06235
A59: Q PRODUCIR= | B59: =+(B55+B57)/(B54-B56) -> 31.06235
A62: 3. Cuál es el Grado de Apalancamiento Operativo - GAO para 140 unidades y cual es su significado?
A64: GAO ( 140)= | B64: =+(B41-C41)/(B41-C41-D41) -> 1.170231 | D64: GAO = (V-CV)/((V-CV-CF)
D65: V = ventas; CV = costos variables totales; CF= Costos fijos
A67: 4. De acuerdo al resultado del punto 3. Qué pasa si en lugar de duplicar las ventas a 280 unidades
A68: se incrementan un 10% es decir a 154 unidades
A70: UTILIDADES ( 2200)
A72: UTILIDAD= (P*Q)-(CV unitario*Q)- CF
A74: PRECIO | B74: =$C$24 -> 13583472
A75: CV. Unit | B75: =$C$22 -> 8909196.7
A76: CF | B76: =$C$23 -> 95193965
A77: Q | B77: 154
A79: UTILIDAD (154) | B79: =(B74*B77)-(B75*B77)-B76 -> 6.2464437e+08
A81: VARIACIÓN UTILIDADES | B81: =(B79-F41)/F41 -> 0.1170231
A85: 5. Si AUDIKAL tiene una deuda de $25.000.000 con interés 15% anual calcule el GAF | G85: GAF = UAII/ (UAII- i) | J85: =+F41*2 -> 1.1184091e+09 | K85: p*Q | L85: Cvu*Q | M85: CF
A86: y analícelo para 2000 unidades vendidas
J87: 784415608.39= | K87: 1 420703*Q | L87: -980519.51¨Q | M87: -488159358
A88: DEUDA | B88: 25000000 | C88: TASA NOMINAL ANUAL | D88: MES
A89: TASA ANUAL | B89: 0.15 | C89: =NOMINAL(B89,12) -> 0.140579 | D89: =C89/12 -> 0.011714917 | J89: Q= | K89: =+(J85-M87) -> 1.6065684e+09 | L89: =+(1420703-980519.51) -> 440183.49
A90: GASTO POR INTERESES | B90: =+B88*B89 -> 3750000 | D90: =B88*D89 -> 292872.92 | J90: Q= | K90: =+K89/L89 -> 3649.7698
A91: IMPUESTOS | B91: 0.31
A93: GAF ( 2000) =
A96: 6. Cúal es el punto de equilibrio de la empresa si se tienen en cuenta los costos financieros ( intereses)
A98: C.F | B98: =C23 -> 95193965 | D98: Qe = (CF+i)/(P-cv) | E98: CF+I
A99: INTERESES | B99: =B90 -> 3750000 | E99: P-Cvu
A100: PRECIO | B100: =C24 -> 13583472
A101: CV. UNITARIO | B101: =C22 -> 8909196.7
A104: Q. EQUILIBRIO= | B104: =+(B98+B99)/(B100-B101) -> 21.167768
A107: 7. Si se quieren doblar las UAII, partiendo de las obtenidas con 2000 unidades, cuántas unidades se
A108: deben producir y vender para este nuevo nivel de UAII
A110: UAII ( 2000) | B110: =+F41 -> 5.5920453e+08
A111: UAII DUPLICADAS | B111: =B110*2 -> 1.1184091e+09
A113: UTILIDAD= (P*Q)-(CV unitario*Q)- CF
A115: UTILIDAD | B115: =B111 -> 1.1184091e+09
A116: PRECIO | B116: =C24 -> 13583472
A117: CV. UNITARIO | B117: =C22 -> 8909196.7
A118: C.F. | B118: =C23 -> 95193965
A120: Q REQUERIDAS | B120: =(B115+B118)/(B116-B117) -> 259.6345
A123: 8. Si la empresa posee un capital conformado por 15.000 acciones a un valor unitario de 10.000
A124: y en lugar de adquirir la deuda de 25.000.000 sobre la cual debe pagar intereses del 15% anual, emite
A125: acciones para obtener esta cifra através de antiguos y nuevos accionistas, lo que implicaria 2500 nuevas
A126: acciones . Calcular en que punto las utilidades por acción ( UPA) si se financia con acciones son iguales a las
A127: utilidades por acción si se financia con deuda, es decir, a que nivel de UAII son iguales las UPA´S. Graficar.
A131: ACCIONES ACTUALES | B131: 15000
A132: VALOR X ACCIÓN | B132: 10000
A133: DEUDA | B133: =B88 -> 25000000
A134: EMISIÓN NUEVAS ACCIONES | B134: =B133/B132 -> 2500
A135: TOTAL ACCIONES CON NUEVAS | B135: =B131+B134 -> 17500
A136: IMPUESTOS | B136: =B91 -> 0.31 | D136: Utilidad operacional | E136: UAII
D137: Utiliad antes de impuestos | E137: UAI
D138: UN | E138: UN
A139: FINANCIAMIENTO CON CAPITAL PROPIO
A141: CANTIDADES | B141: VENTAS | C141: C.V. TOTALES | D141: C. FIJOS | E141: C. TOTALES | F141: UAII | G141: INTERESES | H141: UAI | I141: IMPUESTOS | J141: U. NETA | K141: UPA
A142: 0 | B142: =A142*$C$24 -> 0 | C142: =$C$22*A142 -> 0 | D142: =$C$23 -> 95193965 | E142: =C142+D142 -> 95193965 | F142: =B142-E142 -> -95193965 | G142: =0 -> 0 | H142: =F142-G142 -> -95193965 | I142: =IF(H142<0,0,(H142*$B$136)) -> 0 | J142: =H142-I142 -> -95193965 | K142: =((F142-G142)*(1-$B$136)/$B$135) -> -3753.3621
...
